 Dungeon Crawl Stone Soup version 0.31-a0-1598-g94871bc2e8 (webtiles) character file.

Game seed: 8842335810800993622

4032213 Inarius the Heavyweight Champion (level 27, 201/273 HPs)
             Began as a Troll Chaos Knight on Jan 3, 2024.
             Was a Favourite Plaything of Xom.
             Escaped with the Orb
             ... and 5 runes
             ... and 1 gem on Jan 7, 2024!
             The game lasted 02:17:22 (51958 turns).

Inarius the Heavyweight Champion (TrCK)            Turns: 51958, Time: 02:17:23

Health: 201/273    AC: 34    Str: 40    XL:     27
Magic:  31/31      EV: 11    Int: 10    God:    Xom [.*....]
Gold:   9071       SH: 33    Dex: 16    Spells: 26/26 levels left

rFire   + +          +
                       - Unarmed
rCold   + + .        L - +0 tower shield
rNeg    + . .        D - +8 gold dragon scales
rPois   +            S - +1 hat of the Original Sin {rPois Regen+ Int+2}
rElec   .            p - +1 cloak "Vidut" {rC+ Dex-2 Stlth+}
rCorr   .            (gloves unavailable)
SInv    .            (boots unavailable)
Will    +++++        G - amulet of reflection Stlth
                     k - ring of Turah {+Blink rN+ MP+9 Int+3 Slay+6}
HPRegen 2.25/turn    R - ring of Terhain {rF++ Will+}
MPRegen 0.22/turn

%: reflection
@: studying 2 skills
A: large, unfitting armour, claws 3, regeneration 1, shaggy fur 1, tough skin 1,
horns 1, talons 1, large bone plates 1, thin skeletal structure 1, agile 2, fire
resistance 1, strong-willed 2, passive freeze, poison resistance, strong 1, wild
magic 1, MP-powered wands, noise suppression
0: Orb of Zot
}: 5/15 runes: serpentine, barnacled, slimy, silver, abyssal
a: Renounce Religion, Evoke Blink


You escaped.
You worshipped Xom.
You were a plaything of Xom.
You visited 11 branches of the dungeon, and saw 55 of its levels.
You visited the Abyss 1 time.
You also visited: Gauntlet, Ice Cave, Volcano and Desolation.

You collected 12507 gold pieces.
You spent 3436 gold pieces at shops.

Inventory:

Armour
 a - the +1 faerie dragon scales {rF+ rCorr Slay+4}
   (You took it off the Enchantress on level 2 of the Depths)

   Slay+4:    It affects your accuracy & damage with ranged weapons and melee
   (+4).
   rF+:       It protects you from fire.
   rCorr:     It protects you from acid and corrosion.
 p - the +1 cloak "Vidut" (worn) {rC+ Dex-2 Stlth+}
   (You bought it in a shop on level 1 of the Depths)

   Dex-2:     It affects your dexterity (-2).
   rC+:       It protects you from cold.
   Stlth+:    It makes you more stealthy.
 q - the +2 cloak "Udeska" {*Corrode rN+ Int+2 Dex+3}
   (You bought it in a shop on level 2 of the Shoals)

   Int+2:     It affects your intelligence (+2).
   Dex+3:     It affects your dexterity (+3).
   rN+:       It protects you from negative energy.
   *Corrode:  It may corrode you when you take damage.
 x - +0 fire dragon scales
 D - +8 gold dragon scales (worn)
 L - a +0 tower shield (worn)
 M - a +1 cloak of preservation
 S - the +1 hat of the Original Sin (worn) {rPois Regen+ Int+2}
   (You acquired it on level 13 of the Dungeon)

   Int+2:     It affects your intelligence (+2).
   rPois:     It protects you from poison Regen+: It increases your rate of
   health regeneration.
Jewellery
 k - the ring of Turah (left claw) {+Blink rN+ MP+9 Int+3 Slay+6}
   (You found it on level 2 of the Dungeon)

   [ring of magical power]

   Int+3:     It affects your intelligence (+3).
   Slay+6:    It affects your accuracy & damage with ranged weapons and melee
   (+6).
   rN+:       It protects you from negative energy.
   MP+9:      It affects your magic capacity (+9).
   +Blink:    It lets you blink.
 v - the ring "Ogronkuh" {rC+ Will+ Str+4 Dex+3 Stlth+}
   (You found it on level 4 of the Shoals)

   [ring of willpower]

   Str+4:     It affects your strength (+4).
   Dex+3:     It affects your dexterity (+3).
   rC+:       It protects you from cold.
   Will+:     It increases your willpower.
   Stlth+:    It makes you more stealthy.
 w - the ring of Pink {^Contam Will+++ rCorr Dex+8 Slay+4}
   (You found it in the Desolation of Salt)

   [ring of slaying]

   Dex+8:     It affects your dexterity (+8).
   Slay+4:    It affects your accuracy & damage with ranged weapons and melee
   (+4).
   Will+++:   It greatly increases your willpower.
   ^Contam:   It causes magical contamination when unequipped.
   rCorr:     It protects you from acid and corrosion.
 z - the ring of Miracles {Ice rElec Will+ Dex+4}
   (Xom gifted it to you on level 6 of the Dungeon)

   [ring of ice]

   Ice:       It enhances your ice magic.
   Dex+4:     It affects your dexterity (+4).
   rF-:       It makes you vulnerable to fire.
   rC+:       It protects you from cold.
   rElec:     It insulates you from electricity.
   Will+:     It increases your willpower.
 G - an amulet of reflection (around neck)
 P - the ring "Plog" {+Blink rPois Str+6}
   (Xom gifted it to you on level 11 of the Dungeon)

   [ring of strength]

   Str+6:     It affects your strength (+6).
   rPois:     It protects you from poison +Blink: It lets you blink.
 R - the ring of Terhain (right claw) {rF++ Will+}
   (You found it in the Desolation of Salt)

   [ring of willpower]

   rF++:      It greatly protects you from fire.
   Will+:     It increases your willpower.
 U - the amulet "Qocilu Ixaa" {Rampage ^Drain rN+ Regen+ Str+2}
   (Xom gifted it to you on level 3 of the Snake Pit)

   [amulet of regeneration]

   Str+2:     It affects your strength (+2).
   rN+:       It protects you from negative energy.
   Regen+:    It increases your rate of health regeneration.
   ^Drain:    It drains your maximum health when unequipped.
   Rampage:   It bestows one free step when moving towards enemies.
Talismans
 y - a dragon-blood talisman
Wands
 c - a wand of roots (53)
 t - a wand of digging (14)
 A - a wand of polymorph (27)
 J - a wand of flame (100)
 V - a wand of mindburst (60)
 W - a wand of paralysis (56)
 X - a wand of acid (43)
Scrolls
 b - a scroll of butterflies
 h - 2 scrolls of blinking
 i - 27 scrolls of teleportation
 j - 4 scrolls of immolation
 r - 2 scrolls of fog
 B - a scroll of revelation
 C - 9 scrolls of noise
 E - 14 scrolls of poison
 N - 2 scrolls of silence
 Z - 8 scrolls of fear
Potions
 d - 10 potions of resistance
 f - 2 potions of magic
 g - 10 potions of haste
 l - 3 potions of attraction
 m - 14 potions of mutation
 n - 14 potions of curing
 o - 6 potions of might
 s - 6 potions of enlightenment
 u - 5 potions of berserk rage
 I - 9 potions of brilliance
 K - 9 potions of lignification
 Q - 7 potions of ambrosia
 T - 12 potions of heal wounds
 Y - 3 potions of invisibility
Miscellaneous
 e - a lightning rod (4/4)
 H - a box of beasts
 O - a phantom mirror


   Skills:
 + Level 16.1 Fighting
 + Level 1.0 Axes
 + Level 16.1 Armour
 + Level 11.9 Dodging
 + Level 6.4 Stealth
 + Level 24.0 Shields
 O Level 27 Unarmed Combat
 + Level 14.3 Evocations


You had 26 spell levels left.
You didn't know any spells.
Your spell library contained the following spells:

 Spells                   Type           Power      Damage    Failure   Level
 Apportation              Tloc           0%         N/A       99%         1
 Magic Dart               Conj           0%         1d3       99%         1
 Necrotise                Necr           0%         1d4       99%         1
 Sandblast                Erth           0%         2d4       99%         1
 Sting                    Conj/Alch      0%         1d3       99%         1
 Summon Small Mammal      Summ           0%         N/A       99%         1
 Blink                    Tloc           0%         N/A       99%         2
 Call Imp                 Summ           0%         N/A       99%         2
 Cigotuvi's Dreadful Rot  Necr/Alch/Air  0%         N/A       99%         2
 Ensorcelled Hibernation  Hex/Ice        0%         N/A       99%         2
 Jinxbite                 Hex            0%         N/A       99%         2
 Lesser Beckoning         Tloc           0%         N/A       99%         2
 Mercury Vapours          Alch/Air       0%         N/A       99%         2
 Momentum Strike          Conj/Tloc      0%         3d8       99%         2
 Scorch                   Fire           0%         2d5       99%         2
 Searing Ray              Conj           0%         2d4       99%         2
 Static Discharge         Conj/Air       0%         3-3/arc   99%         2
 Sublimation of Blood     Necr           0%         N/A       99%         2
 Call Canine Familiar     Summ           0%         N/A       100%        3
 Fugue of the Fallen      Necr           0%         N/A       100%        3
 Gell's Gravitas          Tloc           0%         N/A       100%        3
 Hailstorm                Conj/Ice       0%         3d5       100%        3
 Mephitic Cloud           Conj/Alch/Air  0%         N/A       100%        3
 Ozocubu's Armour         Ice            0%         N/A       100%        3
 Passwall                 Erth           0%         N/A       100%        3
 Sigil of Binding         Hex            0%         N/A       100%        3
 Stone Arrow              Conj/Erth      0%         3d7       100%        3
 Summon Ice Beast         Ice/Summ       0%         N/A       100%        3
 Teleport Other           Tloc           0%         N/A       100%        3
 Vampiric Draining        Necr           0%         2d6       100%        3
 Airstrike                Air            0%         2d(0-16)  100%        4
 Anguish                  Hex/Necr       0%         N/A       100%        4
 Animate Armour           Summ/Erth      0%         N/A       100%        4
 Brom's Barrelling Bould  Conj/Erth      0%         2d3       100%        4
 Cause Fear               Hex            0%         N/A       100%        4
 Dimensional Bullseye     Hex/Tloc       0%         N/A       100%        4
 Dispel Undead            Necr           0%         3d6       100%        4
 Fulminant Prism          Conj/Alch      0%         3d5       100%        4
 Ignite Poison            Fire/Alch      0%         N/A       100%        4
 Iskenderun's Mystic Bla  Conj/Tloc      0%         2d3       100%        4
 Leda's Liquefaction      Alch/Erth      0%         N/A       100%        4
 Manifold Assault         Tloc           0%         N/A       100%        4
 Martyr's Knell           Necr/Summ      0%         N/A       100%        4
 Olgreb's Toxic Radiance  Alch           0%         N/A       100%        4
 Petrify                  Alch/Erth      0%         N/A       100%        4
 Sticky Flame             Fire/Alch      0%         2d4       100%        4
 Summon Blazeheart Golem  Fire/Summ      0%         N/A       100%        4
 Summon Lightning Spire   Summ/Air       0%         N/A       100%        4
 Vhi's Electric Charge    Tloc/Air       0%         N/A       100%        4
 Alistair's Intoxication  Alch           0%         N/A       100%        5
 Arcjolt                  Conj/Air       0%         1d10      100%        5
 Curse of Agony           Necr           0%         N/A       100%        5
 Fireball                 Conj/Fire      0%         3d3       100%        5
 Freezing Cloud           Conj/Ice/Air   0%         6-21      100%        5
 Irradiate                Conj/Alch      0%         3d11      100%        5
 Iskenderun's Battlesphe  Conj           0%         2d6       100%        5
 Lee's Rapid Deconstruct  Erth           0%         3d4*      100%        5
 Metabolic Englaciation   Hex/Ice        0%         N/A       100%        5
 Summon Forest            Summ/Tloc      0%         N/A       100%        5
 Summon Mana Viper        Hex/Summ       0%         N/A       100%        5
 Yara's Violent Unravell  Hex/Alch       0%         3d3       100%        5
 Bombard                  Conj/Erth      0%         9d1       100%        6
 Conjure Ball Lightning   Conj/Air       0%         3x3d6     100%        6
 Death Channel            Necr           0%         N/A       100%        6
 Dispersal                Tloc           0%         N/A       100%        6
 Plasma Beam              Fire/Air       0%         2x1d10    100%        6
 Sculpt Simulacrum        Ice/Alch       0%         N/A       100%        6
 Summon Cactus Giant      Summ           0%         N/A       100%        6
 Enfeeble                 Hex            0%         N/A       100%        7
 Haunt                    Necr/Summ      0%         N/A       100%        7
 Ozocubu's Refrigeration  Ice            0%         4d7       100%        7
 Spellforged Servitor     Conj/Summ      0%         N/A       100%        7
 Borgnjor's Revivificati  Necr           0%         N/A       100%        8
 Discord                  Hex            0%         N/A       100%        8
 Disjunction              Tloc           0%         N/A       100%        8
 Lehudib's Crystal Spear  Conj/Erth      0%         10d2      100%        8
 Maxwell's Capacitive Co  Air            0%         ∞         100%        8
 Summon Horrible Things   Summ           0%         N/A       100%        8
 Chain Lightning          Conj/Air       0%         N/A       100%        9
 Death's Door             Necr           0%         N/A       100%        9
 Fire Storm               Conj/Fire      0%         5d1       100%        9
 Shatter                  Erth           0%         3d5*      100%        9


Dungeon Overview and Level Annotations

Branches:
Dungeon (15/15)            Temple (0/1) D:5            Lair (5/5) D:8
 Shoals (4/4) Lair:2        Snake (4/4) Lair:2        Slime (5/5) Lair:5
    Orc (2/2) D:10            Elf (3/3) Orc:2        Vaults (5/5) D:13
  Crypt (3/3) Vaults:3       Tomb (0/3) Crypt:3      Depths (4/4) D:15
    Zot (5/5) Depths:4      IceCv (visited)         Volcano (visited)
Desolation (visited)      Gauntlet (visited)

Altars:
Ashenzari
Dithmenos
Elyvilon
Fedhas
Gozag
Kikubaaqudgha
Nemelex Xobeh
Qazlal
Ru
Sif Muna
Trog
Vehumet
Xom
Jiyva

Shops:
D:9 :   Orc:1 *   Orc:2 *([*[   Elf:1 (=   Elf:2 =   Shoals:2 [[:(?
Snake:1 *::   Snake:3 ?!(*   Snake:4 [   Vaults:1 *   Depths:1 =:=*
Depths:2 (

Portals:
Hell: Depths:1 Depths:2 Depths:3 Depths:4
Abyss: Depths:3
Pandemonium: Depths:2
Ziggurat: Depths:3

Annotations:
D:6 exclusion: oklob plant
Lair:1 3 runed translucent doors, Melkor's ghost, journeyman GnWn
Lair:3 3 runed translucent doors, Meazimey's ghost, journeyman NaAl
Elf:2 4 runed translucent doors
Vaults:2 1 runed translucent door, Fubrub's ghost, veteran GnWr
Crypt:1 3 runed translucent doors, exclusion: obsidian statue, Datograv's ghost, adept NaAE


Innate Abilities, Weirdness & Mutations

You are too large for most types of armour.
You have claws for hands.
Your natural rate of healing is unusually fast.
You are covered in fur. (AC +1)
You have tough skin. (AC +1)
You have a pair of small horns on your head.
You have sharp toenails.
You are partially covered in large bone plates. (SH +4)
You have a somewhat thin skeletal structure. (Dex +2, Stealth+)
You are very agile. (Dex +8, Str/Int -2)
Your flesh is heat resistant. (rF+)
You are highly strong-willed. (Will++)
A frigid envelope surrounds you and freezes all who hurt you.
Your system is resistant to poisons. (rPois)
Your muscles are strong. (Str +4, Int/Dex -1)
Your spells are a little harder to cast, but a little more powerful.
You expend magic power (3 MP) to strengthen your wands.
You passively dampen the noise of your surroundings.


Message History

A soul eater comes into view.
Your surroundings suddenly seem different.
The soul eater moves out of view.
You scratch the soul eater. You claw the soul eater!
You headbutt the soul eater!
The soul eater is heavily wounded.
You eviscerate the soul eater!!!
You kill the soul eater!
A Brimstone Fiend comes into view.
The Brimstone Fiend calls on the powers of darkness!
Your body is wracked with pain!
As you read the scroll of fog, it dissolves into smoke.
Aiming: Dig
Press: ? - help, Shift-Dir - straight line A rock wall.
This square is covered in magical glow.
You feel a surge of power!
The rock shatters into small pieces.
The Brimstone Fiend gestures at you.
The sphere of damnation explodes!
The damnation engulfs you!!!
As you read the scroll of fog, it dissolves into smoke.
Aiming: Dig
Press: ? - help, Shift-Dir - straight line A rock wall.
This square is covered in magical glow.
You feel a surge of power!
The rock shatters into small pieces.
Blink to where?
Press: ? - help, Dir - move target
As you read the scroll of blinking, it crumbles to dust.
Blink to where?
Press: ? - help, Dir - move target
As you read the scroll of blinking, it crumbles to dust.
You open the door.
There is an open door here.
You close the door.
You see here 7 stones.
A red devil comes into view.
It is wielding a +1 trident of freezing.
The red devil moves out of view.
There is an open door here.
There is a staircase leading out of the dungeon here.
You have escaped!

####### ########.....#
#.....##..8..#
#..@..##.....#
#..#..#####'###
#..#..##......##
#.....4........##
########...(....####
###............
#............#.
######.###.##.....#.
###.....>.....'.....+.


You could see a red devil.

Vanquished Creatures
  the Royal Jelly (Slime:5)
  3 dread liches
  3 orbs of fire (Zot:5)
  2 ancient liches
  Bai Suzhen (Shoals:4)
  Vashnia (Snake:2)
  A curse toe (Zot:3)
  A shard shrike (Depths:4)
  A Killer Klown (Zot:5)
  The ghost of Dirian the Slayer, an adept MiFi of Okawaru (Elf:3)
  4 caustic shrikes (Depths:4)
  Nikola (Vaults:1)
  7 golden dragons
  Jory (Crypt:3)
  A profane servitor (Crypt:3)
  the Enchantress (Depths:2)
  5 bone dragons
  The ghost of lugworm the Metamorph, an adept NaSh of Okawaru (Shoals:3)
  8 tentacled monstrosities
  2 doom hounds (Depths:2)
  Zenata (Vaults:1)
  A Hell Sentinel (D:2)
  2 electric golems
  3 liches
  A walking earthen tome (Depths:2)
  Grunn (Depths:2)
  23 Orb Guardians
  5 quicksilver dragons
  3 deep elf blademasters (Elf:3)
  2 deep elf master archers
  A kraken (Shoals:4)
  16 acid blobs
  6 sphinxes
  4 titans
  5 ancient champions
  The ghost of Flugslaktarn the Slayer, an adept MiFi of Ashenzari (Snake:4)
  10 tentacled starspawn
  Gastronok (Lair:1)
  Frances (Shoals:1)
  An Executioner (D:7)
  Kirke (Lair:4)
  9 tengu reavers
  9 storm dragons
  Roxanne (Snake:1)
  6 shadow dragons
  Ilsuiw (Shoals:3)
  2 revenants
  7 azure jellies
  10 fire giants
  A protean progenitor (Zot:5)
  4 draconian knights
  4 draconian monks
  11 rockslimes
  3 draconian shifters
  4 nagarajas
  4 draconian scorchers
  14 vault wardens
  4 deep elf elementalists (Elf:3)
  6 deep elf sorcerers
  2 iron dragons
  2 imperial myrmidons (Desolation)
  A curse skull (Crypt:1)
  6 ghouls
  7 frost giants
  2 orc warlords
  2 ghost moths
  An angel (Abyss:1)
  An emperor scorpion (Elf:3)
  10 draconian stormcallers
  2 balrugs
  A cacodemon (Abyss:3)
  5 spriggan defenders
  A draconian annihilator (Zot:5)
  5 quicksilver oozes (Slime:5)
  11 very ugly things
  5 formless jellyfish
  23 stone giants
  16 ironbound preservers
  3 starflowers (Abyss:3)
  A green draconian (Zot:1)
  8 deep elf death magi
  4 deep elf demonologists
  11 vampire knights
  7 ironbound thunderhulks
  3 black draconians
  6 yellow draconians
  7 white draconians
  10 red draconians
  A dire elephant (Vaults:3)
  A halazid warlock (Desolation)
  A war gargoyle (Vaults:5)
  8 deep elf annihilators
  4 spark wasps
  A minotaur (Gauntlet)
  4 eidola
  2 purple draconians
  3 blizzard demons
  17 ettins
  13 fire dragons
  A green death (Abyss:1)
  Josephine (D:11)
  12 merfolk impalers
  18 jiangshi
  11 yaktaur captains
  5 crystal guardians
  5 rakshasas
  6 merfolk javelineers
  4 ragged hierophants
  5 deep elf high priests
  A spriggan zombie (Crypt:1)
  9 ice dragons
  Fannar (D:10)
  3 entropy weavers
  2 salamander tyrants (Snake:4)
  6 ogre magi
  29 vault guards
  11 great orbs of eyes
  6 servants of whispers (Desolation)
  A spriggan skeleton (Crypt:1)
  An Orb Guardian zombie (Crypt:1)
  10 ironbound frosthearts
  Erolcha (D:13)
  4 hydras
  17 two-headed ogres
  8 peacekeepers (Desolation)
  3 merfolk avatars
  3 spriggan air magi
  16 centaur warriors
  Erica (D:8)
  27 dancing weapons
  3 merfolk aquamancers
  2 two-headed ogres (shapeshifter)
  4 boulder beetles
  5 catoblepae
  2 death knights (Crypt:3)
  11 anacondas
  4 tengu warriors
  2 alligator snapping turtles
  4 spriggan berserkers (Depths:2)
  11 deep troll earth magi
  A spectral dire elephant (Crypt:3)
  3 satyrs
  10 naga warriors
  2 deep troll shamans (Depths:2)
  11 shock serpents
  11 vampire magi
  A sphinx skeleton (Depths:2)
  3 hell hogs (Zot:2)
  6 occultists
  4 orc high priests
  19 naga sharpshooters
  9 hell knights
  8 thrashing horrors (Abyss:3)
  2 sun demons (Depths:4)
  9 deep elf knights
  A shock serpent (shapeshifter) (Depths:2)
  6 wretched stars
  5 skysharks
  Sonja (D:13)
  3 soul eaters
  A fire crab (shapeshifter) (Vaults:5)
  2 fire crabs (D:15)
  Lodul (D:12)
  5 shadow wraiths
  7 salamander mystics
  2 spark wasp zombies (Depths:2)
  49 deep trolls
  5 iron trolls
  5 sixfirhies
  A spectral anaconda (Crypt:3)
  28 skeletal warriors
  14 large abominations
  A storm dragon skeleton (Crypt:1)
  15 sea snakes
  5 flayed ghosts
  An anaconda zombie (Crypt:1)
  20 deep elf archers
  2 shadow demons (Depths:3)
  3 sea snakes (shapeshifter)
  2 glowing orange brains
  8 naga ritualists
  A swamp dragon (Lair:5)
  18 mana vipers
  9 arcanists
  8 harpies
  Pikel (D:8)
  A bog body (Crypt:1)
  A shadow dragon zombie (Crypt:1)
  20 starcursed masses
  13 phantasmal warriors
  30 ugly things
  22 deep elf zephyrmancers
  23 ironbound convokers
  8 necromancers
  33 deep elf pyromancers
  A sphinx simulacrum (Depths:2)
  14 lindwurms
  3 orc knights
  A spectral satyr (Shoals:3)
  6 orc sorcerers
  5 cyclopes
  An iron dragon zombie (Crypt:1)
  4 oklob plants (Abyss:3)
  A wolf spider (Gauntlet)
  A faun (shapeshifter) (Depths:4)
  3 shining eyes
  11 manticores
  17 salamanders
  A worldbinder (Abyss:3)
  11 moths of wrath
  10 vault sentinels
  7 fauns
  7 guardian serpents
  11 meliai
  An elephant (shapeshifter) (D:15)
  10 merfolk sirens
  A fire giant skeleton (Depths:2)
  2 guardian serpents (shapeshifter)
  2 rust devils (D:15)
  16 naga magi
  4 water nymphs
  3 ice statues (IceCv)
  18 elephants
  5 kobold blastminers
  13 cane toads
  41 black mambas
  3 gargoyles
  6 smoke demons
  A molten gargoyle (D:15)
  A mana viper zombie (Crypt:2)
  Maggie (D:6)
  6 torpor snails (Lair:5)
  A torpor snail (shapeshifter) (Vaults:5)
  6 rime drakes
  A tormentor (Depths:2)
  2 rime drakes (shapeshifter)
  2 efreet
  An unseen horror (D:12)
  A bunyip simulacrum (Crypt:1)
  18 yaktaurs
  5 freezing wraiths
  4 ancient zymes
  A red draconian skeleton (Crypt:1)
  5 komodo dragons
  2 ice devils
  2 white draconian skeletons
  2 tengu conjurers
  A queen bee (Depths:3)
  A harpy zombie (Crypt:1)
  2 guardian mummies (Crypt:1)
  A spectral harpy (Shoals:3)
  8 trolls
  38 merfolk
  3 tyrant leeches (Lair:5)
  A tarantella (Vaults:4)
  A wind drake (shapeshifter) (D:15)
  2 polar bears
  A hornet (shapeshifter) (D:14)
  Grinder (D:3)
  2 wolf spider simulacra (D:15)
  An ettin zombie (Crypt:1)
  44 saltlings
  9 wind drakes
  A moth of wrath zombie (Crypt:1)
  10 hornets
  A raiju (shapeshifter) (D:15)
  5 raiju
  4 blink frogs
  10 snapping turtles
  A fire giant simulacrum (Depths:2)
  2 glass eyes
  3 dream sheep (Shoals:4)
  A spectral merfolk (Shoals:3)
  Sigmund (D:5)
  A culicivora (shapeshifter) (D:15)
  A black mamba zombie (Crypt:1)
  3 spriggans
  A vampire (D:12)
  58 yaks
  A yak (shapeshifter) (Vaults:3)
  67 slime creatures
  13 wraiths
  7 wyverns
  14 water elementals
  6 shadows
  4 air elementals
  4 fire bats (Depths:2)
  4 basilisks
  A hog (Lair:4)
  A human (Lair:5)
  3 ynoxinuls
  2 fire elementals
  A dire elephant simulacrum (Crypt:3)
  A basilisk (shapeshifter) (Elf:2)
  7 golden eyes
  3 neqoxecs
  2 wargs (Orc:2)
  A spriggan simulacrum (Depths:2)
  12 vampire mosquitoes
  5 redbacks
  8 steam dragons
  3 chaos spawn
  A sea snake simulacrum (Shoals:3)
  3 harpy simulacra
  Menkaure (D:6)
  10 water moccasins
  47 nagas
  2 cane toad zombies (Crypt:2)
  A hydra simulacrum (IceCv)
  2 acid dragons
  A faun skeleton (Crypt:2)
  5 meliai simulacra
  5 swamp drakes
  Duvessa (D:5)
  21 laughing skulls
  31 orc warriors
  A black bear (D:6)
  A crocodile (shapeshifter) (D:13)
  3 ice beasts
  35 ogres
  A boggart (D:13)
  8 wolves
  11 centaurs
  3 weeping skulls
  A rime drake skeleton (Crypt:1)
  Blork the orc (D:6)
  4 necrophages (Crypt:3)
  9 bullfrogs
  A deep troll simulacrum (Crypt:3)
  A cane toad simulacrum (IceCv)
  2 merfolk simulacra (Shoals:3)
  2 gnoll sergeants
  A naga simulacrum (Abyss:1)
  19 small abominations
  4 scorpions
  6 wights
  A warg skeleton (Crypt:2)
  A water moccasin skeleton (Crypt:1)
  4 burial acolytes (Crypt:3)
  Dowan (D:5)
  A manticore simulacrum (Shoals:3)
  A polar bear skeleton (Crypt:2)
  3 electric eels (Lair:2)
  A howler monkey (D:6)
  2 quasits (Abyss:1)
  4 hounds
  2 gnoll boudas
  4 human skeletons (Crypt:1)
  13 orc priests
  2 iron imps (Gauntlet)
  2 jellies (D:7)
  2 sleepcaps (D:6)
  Jessica (D:3)
  10 iguanas
  A cyclops simulacrum (Shoals:3)
  Natasha (twice) (D:3)
  An iguana (shapeshifter) (D:7)
  25 orc wizards
  A hell rat (Abyss:1)
  A polar bear simulacrum (IceCv)
  2 wolf simulacra (IceCv)
  An acid dragon skeleton (Crypt:2)
  4 mummies (Crypt:1)
  19 gnolls
  8 adders
  4 shadow imps (Gauntlet)
  4 white imps
  An ufetubus (Abyss:3)
  A dart slug (D:6)
  A ribbon worm (shapeshifter) (D:14)
  3 ribbon worms
  83 orcs
  8 endoplasms
  4 giant cockroaches
  5 goblins
  6 hobgoblins
  4 jackals (D:1)
  4 quokkas
  9 ball pythons
  A ball python skeleton (Crypt:1)
  5 bats
  3 frilled lizards
  8 kobolds
  3 rats
  A river rat skeleton (Crypt:2)
  An aspiring flesh (Zot:5)
  A starspawn tentacle (Abyss:1)
  A tentacle (Shoals:4)
2426 creatures vanquished.

Vanquished Creatures (collateral kills)
  Donald (Snake:2)
  An ironbound preserver (Vaults:1)
  A crystal guardian (Desolation)
  A jiangshi (Crypt:3)
  A hydra (Lair:4)
  An anaconda (Snake:4)
  A satyr (Shoals:2)
  2 two-headed ogres (Orc:2)
  A skeletal warrior (Crypt:2)
  An ironbound convoker (Desolation)
  2 lindwurms
  A faun (Shoals:1)
  An elephant (Lair:4)
  2 saltlings (Desolation)
  A wyvern (D:4)
  A water elemental (Shoals:1)
  A death yak simulacrum (IceCv)
  A water moccasin (Lair:5)
  2 ogres (Orc:2)
  A centaur (D:4)
  A necrophage (Crypt:2)
  2 bullfrogs (Lair:4)
  A gnoll bouda (D:4)
  2 iguanas (D:4)
  3 orcs
  A goblin (D:4)
  A quokka (D:4)
35 creatures vanquished.

Vanquished Creatures (others)
  A shadow dragon (Depths:4)
  An azure jelly (Slime:5)
  A draconian knight (Zot:2)
  2 quicksilver oozes (Slime:5)
  A vampire knight (Depths:4)
  A servant of whispers (Desolation)
  3 dancing weapons
  2 deep elf knights
  A deep troll (Depths:2)
  An arcanist (Vaults:2)
  2 lindwurms
  A komodo dragon (Lair:5)
  A saltling (Desolation)
  A human (Lair:4)
  2 wolves (Lair:2)
  An orc priest (D:7)
  A lurking horror (Abyss:3)
  16 starspawn tentacles
  6 tentacles (Shoals:4)
45 creatures vanquished.

Grand Total: 2506 creatures vanquished

Notes
Turn   | Place    | Note
-------+----------+-------------------------------------------
     0 | D:1      | Inarius the Troll Chaos Knight began the quest for the Orb.
     0 | D:1      | Reached XP level 1. HP: 22/22 MP: 0/0
    92 | D:1      | XOM: silly message
   114 | D:1      | Reached XP level 2. HP: 29/29 MP: 1/1
   279 | D:1      | XOM: silly message
   365 | D:1      | XOM: silly message
   498 | D:1      | XOM: silly message
   592 | D:1      | Reached XP level 3. HP: 36/36 MP: 2/2
   629 | D:1      | You fall into a shaft and drop 1 floor!
   634 | D:2      | XOM: divination: magic mapping
   714 | D:2      | XOM: divination: detect creatures
   722 | D:2      | Found a faded altar of an unknown god.
   997 | D:1      | Reached skill level 4 in Unarmed Combat
  1100 | D:2      | Identified the ring of Turah {+Blink rN+ MP+9 Int+3 Slay+6}
  1298 | D:2      | XOM: silly message
  1690 | D:3      | XOM: silly message
  1781 | D:3      | Noticed Natasha
  1781 | D:3      | XOM: 1-stop teleportation journey
  1784 | D:3      | Killed Natasha
  1785 | D:3      | Reached XP level 4. HP: 44/44 MP: 3/3
  1855 | D:3      | XOM is BORED!
  1855 | D:3      | XOM: noise
  1857 | D:3      | Noticed Grinder
  1858 | D:3      | XOM: confuse monster(s)
  1865 | D:3      | Paralysed by Grinder for 4 turns
  1888 | D:3      | Killed Grinder
  1889 | D:3      | Reached skill level 5 in Unarmed Combat
  1889 | D:3      | Reached XP level 5. HP: 42/53 MP: 4/4
  1889 | D:3      | Reached XP level 6. HP: 49/61 MP: 5/5
  1929 | D:3      | XOM: cloud trail
  1936 | D:3      | Noticed Jessica
  1945 | D:3      | Killed Jessica
  2016 | D:3      | Noticed Natasha
  2019 | D:3      | Killed Natasha
  2019 | D:3      | XOM: cast spell 'Animate Armour'
  2020 | D:3      | Reached skill level 6 in Unarmed Combat
  2038 | D:3      | XOM: god gift: 36 gold pieces
  2311 | D:4      | XOM: cast spell 'Summon Horrible Things'
  2319 | D:4      | Noticed a wyvern
  2320 | D:4      | Reached XP level 7. HP: 8/67 MP: 6/6
  2324 | D:4      | Killed a wyvern
  2325 | D:4      | Reached skill level 7 in Unarmed Combat
  2542 | D:4      | XOM: god gift: 5 stones
  2560 | D:4      | XOM: cleaving
  2594 | D:4      | Found a shimmering blue altar of Sif Muna.
  2771 | D:4      | XOM: give mutation
  2771 | D:4      | Gained mutation: You are strong-willed. (Will+) [Xom's
                  | grace]
  2784 | D:5      | Entered Level 5 of the Dungeon
  2786 | D:5      | XOM: scenery: summon butterflies
  2791 | D:5      | Reached skill level 8 in Unarmed Combat
  2794 | D:5      | Reached XP level 8. HP: 75/75 MP: 7/7
  2813 | D:5      | Noticed Sigmund
  2814 | D:5      | XOM: summons friendly white imp
  2824 | D:5      | Killed Sigmund
  2851 | D:5      | XOM: give mutations
  2851 | D:5      | Gained mutation: You have a pair of small antennae on your
                  | head. [Xom's grace]
  2851 | D:5      | Gained mutation: You passively map a small area around you.
                  | [Xom's grace]
  2851 | D:5      | Gained mutation: Your mind is acute. (Int +4, Str/Dex -1)
                  | [Xom's grace]
  2884 | D:5      | Found a staircase to the Ecumenical Temple.
  2940 | D:5      | Noticed Duvessa
  2940 | D:5      | Noticed Dowan
  2949 | D:5      | Killed Duvessa
  2950 | D:5      | Reached skill level 9 in Unarmed Combat
  2951 | D:5      | Killed Dowan
  2964 | D:5      | XOM: summons 2 hostile demons
  3251 | D:6      | Noticed Maggie
  3271 | D:6      | Killed Maggie
  3272 | D:6      | Reached skill level 10 in Unarmed Combat
  3272 | D:6      | Reached XP level 9. HP: 58/84 MP: 8/8
  3286 | D:6      | XOM: scenery: 1 doors open
  3320 | D:6      | Found a shadowy altar of Dithmenos.
  3335 | D:6      | Noticed Blork the orc
  3341 | D:6      | Killed Blork the orc
  3426 | D:6      | Identified the ring of Miracles {Ice rElec Will+ Dex+4}
                  | (Xom gifted it to you on level 6 of the Dungeon)
  3426 | D:6      | XOM: god gift: ring of Miracles {Ice rElec Will+ Dex+4}
  3431 | D:6      | Reached skill level 5 in Dodging
  3472 | D:6      | XOM: polymorph bullfrog -> dart slug
  3480 | D:6      | Found a blossoming altar of Fedhas.
  3480 | D:6      | XOM: 1-stop teleportation journey
  3486 | D:6      | Noticed an oklob plant
  3513 | D:6      | Found a white marble altar of Elyvilon.
  3554 | D:6      | XOM: cleaving
  3556 | D:6      | Reached skill level 11 in Unarmed Combat
  3558 | D:6      | XOM: confuse monster(s)
  3769 | D:6      | Noticed Menkaure
  3775 | D:6      | Killed Menkaure
  3892 | D:6      | Reached skill level 1 in Armour
  4096 | D:6      | XOM: god gift: scroll labelled LEIBES HEAXEIXT {god gift}
  4386 | D:7      | XOM: divination: detect creatures
  4400 | D:7      | XOM: polymorph water moccasin -> shapeshifter
  4402 | D:7      | Reached skill level 12 in Unarmed Combat
  4583 | D:7      | Found a sacrificial altar of Ru.
  4613 | D:7      | XOM: destruction
  4753 | D:7      | XOM: enchant monster (good)
  4754 | D:7      | Reached XP level 10. HP: 69/92 MP: 9/9
  4791 | D:7      | XOM: divination: magic mapping
  4799 | D:7      | Identified the +0 ring mail "Ryown" {Int+4}
  4966 | D:7      | XOM: divination: magic mapping
  5055 | D:8      | Found a staircase to the Lair.
  5081 | D:8      | Reached skill level 13 in Unarmed Combat
  5260 | D:8      | Found a broken altar of Ashenzari.
  5316 | D:8      | Noticed Erica
  5317 | D:8      | Noticed Pikel
  5317 | D:8      | XOM: confuse monster(s)
  5501 | D:8      | Killed Pikel
  5502 | D:8      | Reached skill level 1 in Evocations
  5518 | D:8      | Killed Erica
  5644 | D:8      | XOM is BORED!
  5696 | D:9      | Reached skill level 14 in Unarmed Combat
  5706 | D:9      | XOM: silly message
  5862 | D:9      | XOM: summons friendly shadow imp
  5866 | D:9      | XOM: summons friendly ufetubus
  5871 | D:9      | Reached XP level 11. HP: 88/101 MP: 10/10
  5873 | D:9      | XOM: noise
  5969 | D:9      | XOM: chaos upgrade
  5975 | D:9      | XOM: swap monsters
  6061 | D:9      | XOM: 1-stop teleportation journey
  6070 | D:9      | XOM: chaos upgrade
  6094 | D:9      | XOM: swap monsters
  6251 | D:9      | Found Adesiqan's Book Shop.
  6495 | D:10     | Entered Level 10 of the Dungeon
  6552 | D:10     | XOM: enchant monster (bad)
  6630 | D:10     | XOM: potion effect (berserk rage)
  6637 | D:10     | Found a radiant altar of Vehumet.
  6639 | D:10     | Reached skill level 15 in Unarmed Combat
  6679 | D:10     | XOM: divination: detect creatures
  6693 | D:10     | XOM: cast spell 'Fugue of the Fallen'
  6700 | D:10     | XOM: cast spell 'Cause Fear'
  6944 | D:10     | XOM: silly message
  7091 | D:10     | Found a staircase to the Orcish Mines.
  7103 | D:10     | XOM: silly message
  7106 | D:10     | XOM: smoke on damage
  7109 | D:10     | XOM: potion effect (haste)
  7180 | D:10     | Reached skill level 5 in Fighting
  7237 | D:10     | Noticed Fannar
  7237 | D:10     | XOM: divination: detect items
  7255 | D:10     | Killed Fannar
  7594 | D:11     | XOM: silly message
  7778 | D:11     | Noticed Josephine
  7783 | D:11     | XOM: confuse monster(s)
  7789 | D:11     | Killed Josephine
  7790 | D:11     | Reached skill level 1 in Shields
  7802 | D:11     | XOM: noise
  7819 | D:11     | Reached skill level 16 in Unarmed Combat
  7981 | D:11     | XOM: divination: detect items
  8002 | D:11     | XOM: silly message
  8023 | D:11     | XOM: 2-stop teleportation journey
  8034 | D:11     | XOM: silly message
  8203 | D:11     | XOM: scenery: 2 doors open
  8206 | D:11     | XOM: 2-stop teleportation journey
  8235 | D:11     | XOM: cloud trail
  8361 | D:11     | Noticed a boulder beetle
  8361 | D:11     | XOM: cast spell 'Olgreb's Toxic Radiance'
  8363 | D:11     | XOM: summons 2 friendly demons
  8367 | D:11     | Killed a boulder beetle
  8368 | D:11     | Reached XP level 12. HP: 97/111 MP: 11/11
  8390 | D:11     | XOM: destruction
  8391 | D:11     | XOM: summons friendly white imp
  8404 | D:11     | Noticed a two-headed ogre
  8411 | D:11     | Killed a two-headed ogre
  8480 | D:11     | Found a shimmering blue altar of Sif Muna.
  8511 | D:11     | Identified the ring "Plog" {+Blink rPois Str+6} (Xom gifted
                  | it to you on level 11 of the Dungeon)
  8511 | D:11     | XOM: god gift: ring "Plog" {+Blink rPois Str+6}
  8807 | Lair:1   | Entered Level 1 of the Lair of Beasts
  8847 | Lair:1   | XOM: 1-stop teleportation journey
  8909 | Lair:1   | Found a runed translucent gate.
  8909 | Lair:1   | Found a runed translucent gate.
  8909 | Lair:1   | Found a runed translucent gate.
  9021 | Lair:1   | Noticed Melkor's ghost (journeyman GnWn)
  9023 | Lair:1   | Noticed an 11-headed hydra
  9391 | Lair:1   | Noticed Gastronok
  9403 | Lair:1   | XOM: butterfly on damage
  9409 | Lair:1   | Killed Gastronok
  9410 | Lair:1   | Reached skill level 5 in Evocations
  9437 | Lair:1   | You fall into a shaft and drop 1 floor!
  9487 | Lair:1   | XOM: god gift: club {god gift}
  9509 | Lair:1   | XOM: god gift: ring mail {god gift}
  9704 | Lair:1   | XOM: cloud trail
  9736 | Lair:2   | XOM: divination: magic mapping
  9751 | Lair:2   | Reached skill level 17 in Unarmed Combat
  9944 | Lair:2   | XOM: scenery: 1 doors close
 10019 | Lair:2   | Found a staircase to the Shoals.
 10094 | Lair:2   | Found a staircase to the Snake Pit.
 10094 | Lair:2   | XOM: destruction
 10139 | Lair:2   | XOM: god gift: scroll of immolation
 10503 | Lair:2   | XOM: scenery: summon butterflies
 10792 | Lair:3   | Noticed a six-headed hydra
 10796 | Lair:3   | XOM: scenery: create altars
 10802 | Lair:3   | Killed a three-headed hydra
 10963 | Lair:3   | Found a runed translucent gate.
 10963 | Lair:3   | Found a runed translucent gate.
 10963 | Lair:3   | Found a runed translucent gate.
 10964 | Lair:3   | Noticed Meazimey's ghost (journeyman NaAl)
 10990 | Lair:3   | XOM: polymorph basilisk -> wolf
 11110 | Lair:3   | XOM: confuse monster(s)
 11123 | Lair:3   | Reached XP level 13. HP: 117/119 MP: 12/12
 11277 | Lair:3   | XOM: cloud trail
 11341 | Lair:4   | XOM: god gift: plate armour {god gift}
 11400 | Lair:4   | XOM: 2-stop teleportation journey
 11406 | Lair:4   | Noticed Kirke
 11409 | Lair:4   | XOM: polymorph hog -> hog
 11423 | Lair:4   | XOM: divination: detect items
 11424 | Lair:4   | XOM: scenery: summon butterflies
 11425 | Lair:4   | XOM: cleaving
 11540 | Lair:4   | XOM: god gift: fuming inky potion {god gift}
 11573 | Lair:4   | XOM: summons friendly ynoxinul
 11583 | Lair:4   | Found a dark tunnel.
 11589 | Volcano  | Entered a volcano
 11611 | Volcano  | XOM: scenery: create altars
 11625 | Volcano  | XOM: enchant monster (good)
 11699 | Volcano  | XOM: polymorph steam dragon -> endoplasm
 11806 | Volcano  | Noticed a fire dragon
 11807 | Volcano  | XOM: summons friendly chaos spawn
 11817 | Volcano  | Killed a fire dragon
 11818 | Volcano  | Reached skill level 1 in Axes
 11825 | Volcano  | XOM is BORED!
 11825 | Volcano  | XOM: summons 5 hostile demons
 11857 | Volcano  | XOM: divination: detect creatures
 11957 | Lair:4   | XOM: cast spell 'Summon Horrible Things'
 12020 | Lair:4   | Reached skill level 18 in Unarmed Combat
 12032 | Lair:4   | Killed Kirke
 12177 | Lair:4   | XOM: summons 5 friendly demons
 12551 | Lair:5   | XOM: noise
 12551 | Lair:5   | Entered Level 5 of the Lair of Beasts
 12555 | Lair:5   | XOM: cleaving
 12560 | Lair:5   | XOM: fog
 12562 | Lair:5   | Noticed Nessos
 12573 | Lair:5   | Reached skill level 5 in Shields
 12574 | Lair:5   | Nessos changed into Nessos the human
 12574 | Lair:5   | Noticed Nessos
 12574 | Lair:5   | XOM: polymorph Nessos -> Nessos the human
 12578 | Lair:5   | Killed Nessos the human
 12655 | Lair:5   | XOM: cast spell 'Summon Cactus Giant'
 12762 | Lair:5   | XOM: fog
 12783 | Lair:5   | XOM: cast spell 'Fugue of the Fallen'
 12788 | Lair:5   | XOM: divination: detect items
 12796 | Lair:5   | Lost mutation: You are strong-willed. (Will+) [potion of
                  | mutation]
 12796 | Lair:5   | Lost mutation: You have a pair of small antennae on your
                  | head. [potion of mutation]
 12796 | Lair:5   | Gained mutation: You are resistant to electric shocks.
                  | (rElec) [potion of mutation]
 12796 | Lair:5   | Gained mutation: Your flesh is cold resistant. (rC+)
                  | [potion of mutation]
 12798 | Lair:5   | XOM: divination: detect creatures
 12849 | Lair:5   | XOM: summons 2 friendly demons
 12945 | Lair:5   | XOM: confusion (+ monsters)
 12995 | Lair:5   | Reached XP level 14. HP: 121/130 MP: 13/13
 13068 | Lair:5   | XOM: swap monsters
 13124 | Lair:5   | XOM: enchant monster (good)
 13159 | Lair:5   | XOM: 1-stop teleportation journey
 13278 | Lair:5   | XOM: divination: magic mapping
 13282 | Lair:5   | XOM: confuse monster(s)
 13286 | Lair:5   | XOM: silly message
 13456 | Lair:5   | XOM: cast spell 'Leda's Liquefaction'
 13545 | Lair:5   | XOM: enchant monster (bad)
 13623 | Lair:5   | XOM: potion effect (brilliance)
 13681 | Lair:5   | XOM: god gift: 15 gold pieces
 13813 | Lair:5   | Found a staircase to the Slime Pits.
 13873 | Lair:5   | XOM: enchant monster (good)
 13875 | Lair:5   | XOM: 2-stop teleportation journey
 13877 | Lair:5   | XOM: confuse monster(s)
 13889 | Lair:5   | Reached skill level 19 in Unarmed Combat
 13938 | Lair:5   | XOM: enchant monster (good)
 13939 | Lair:5   | XOM: swap monsters
 14256 | Lair:5   | XOM: give mutations
 14256 | Lair:5   | Gained mutation: You are agile. (Dex +4, Str/Int -1) [Xom's
                  | grace]
 14256 | Lair:5   | Gained mutation: Your spells are a little harder to cast,
                  | but a little more powerful. [Xom's grace]
 14256 | Lair:5   | Gained mutation: You are partially covered in iridescent
                  | scales. (AC +2) [Xom's grace]
 14256 | Lair:5   | Gained mutation: You have large cloven feet. [Xom's grace]
 14447 | Orc:1    | Entered Level 1 of the Orcish Mines
 14449 | Orc:1    | Found a bloodstained altar of Trog.
 14452 | Orc:1    | XOM: summons 2 friendly demons
 14721 | Orc:1    | Found Zeff's General Store.
 14765 | Orc:1    | Bought a potion of resistance for 100 gold pieces
 14765 | Orc:1    | Bought a scroll of teleportation for 30 gold pieces
 14840 | Orc:2    | Entered Level 2 of the Orcish Mines
 14871 | Orc:2    | XOM: swap monsters
 14879 | Orc:2    | XOM: confuse monster(s)
 14933 | Orc:2    | Found a staircase to the Elven Halls.
 15065 | Orc:2    | XOM: divination: magic mapping
 15101 | Orc:1    | XOM: god gift: 60 gold pieces
 15206 | Orc:2    | XOM: swap monsters
 15222 | Orc:2    | XOM: cloud trail
 15365 | Orc:2    | XOM: fake destruction
 15378 | Orc:2    | XOM: divination: magic mapping
 15407 | Orc:2    | XOM: polymorph two-headed ogre -> meliai
 15429 | Orc:2    | XOM: summons 7 friendly demons
 15446 | Orc:2    | Reached XP level 15. HP: 69/136 MP: 14/14
 15504 | Orc:2    | XOM: give mutations
 15504 | Orc:2    | Gained mutation: You have a somewhat thin skeletal
                  | structure. (Dex +2, Stealth+) [Xom's grace]
 15504 | Orc:2    | Gained mutation: You are very agile. (Dex +8, Str/Int -2)
                  | [Xom's grace]
 15522 | Orc:2    | Reached skill level 20 in Unarmed Combat
 15544 | Orc:2    | Found Mosue's Armour Emporium.
 15552 | Orc:2    | Found Dorria's Armour Shop.
 15552 | Orc:2    | Found Wung's General Store.
 15552 | Orc:2    | Found Sigiah's Antique Weapon Boutique.
 15571 | Orc:2    | Bought a scroll of identify for 30 gold pieces
 15572 | Orc:2    | Bought a +2 cloak for 198 gold pieces
 15585 | Orc:2    | Reached XP level 16. HP: 150/150 MP: 15/15
 15594 | Orc:2    | Found Voigod's Assorted Antiques.
 15603 | Orc:2    | Bought a box of beasts for 1040 gold pieces
 15603 | Orc:2    | Bought a metallic green potion for 23 gold pieces
 15603 | Orc:2    | Bought 2 scrolls of identify for 104 gold pieces
 16067 | D:12     | XOM: 2-stop teleportation journey
 16116 | D:12     | XOM: god gift: 1284 gold pieces
 16133 | D:12     | Found a frozen archway.
 16146 | IceCv    | Entered an ice cave
 16176 | IceCv    | XOM: summons 7 friendly demons
 16206 | IceCv    | XOM: polymorph white ugly thing -> brown ugly thing
 16583 | D:12     | XOM: give mutations
 16583 | D:12     | Gained mutation: You have a moderately thin skeletal
                  | structure. (Dex +4, Stealth++) [Xom's mischief]
 16583 | D:12     | Gained mutation: Your body sometimes deteriorates upon
                  | taking damage. [Xom's mischief]
 16583 | D:12     | Lost mutation: Your flesh is cold resistant. (rC+) [Xom's
                  | mischief]
 16583 | D:12     | Gained mutation: You are robust. (+10% HP) [Xom's mischief]
 16774 | D:12     | Noticed Lodul
 16780 | D:12     | XOM: fog
 16788 | D:12     | Killed Lodul
 16805 | D:12     | XOM: scenery: summon butterflies
 16853 | D:13     | Noticed Erolcha
 16864 | D:13     | Killed Erolcha
 16945 | D:13     | Found a gate to the Vaults.
 16960 | D:13     | XOM: enchant monster (good)
 16995 | D:13     | Found a gate leading to a gauntlet.
 17005 | Gauntlet | Entered a Gauntlet
 17005 | Gauntlet | Found a transporter.
 17017 | Gauntlet | Found a transporter.
 17017 | Gauntlet | Found a transporter.
 17018 | Gauntlet | Found a transporter.
 17024 | Gauntlet | Found a runed translucent gate.
 17024 | Gauntlet | Found a runed translucent gate.
 17024 | Gauntlet | Found a runed translucent gate.
 17026 | Gauntlet | Found a transporter.
 17029 | Gauntlet | Found a transporter.
 17030 | Gauntlet | Found a transporter.
 17040 | Gauntlet | Found a transporter.
 17042 | Gauntlet | Found a transporter.
 17043 | Gauntlet | Found a transporter.
 17055 | Gauntlet | Found a transporter.
 17056 | Gauntlet | Found a transporter.
 17056 | Gauntlet | Found a transporter.
 17064 | Gauntlet | Found a transporter.
 17089 | Gauntlet | Found a runed translucent door.
 17302 | Gauntlet | Reached skill level 1 in Stealth
 17325 | Gauntlet | XOM: scenery: 1 doors close
 17334 | Gauntlet | Identified the ring "Zanuug" {+Blink rC- MP+9 Int+6}
 17453 | D:13     | Noticed Rupert
 17453 | D:13     | XOM: 3-stop teleportation journey
 17547 | D:13     | Found a runed translucent door.
 17561 | D:13     | Reached skill level 5 in Armour
 17561 | D:13     | Noticed Sonja
 17564 | D:13     | Killed Sonja
 17585 | D:13     | Found a runed translucent door.
 17642 | D:13     | Identified a scroll of acquirement
 17643 | D:13     | Acquired the +1 hat of the Original Sin {rPois Regen+
                  | Int+2}
 17745 | D:13     | XOM: divination: detect items
 17897 | D:13     | XOM: scenery: 1 doors close
 18042 | D:13     | Rupert changed into Rupert the fire dragon
 18042 | D:13     | Noticed Rupert
 18042 | D:13     | XOM: polymorph Rupert -> Rupert the fire dragon
 18050 | D:13     | Killed Rupert the fire dragon
 18247 | D:14     | XOM: cast spell 'Olgreb's Toxic Radiance'
 18315 | D:14     | XOM: give mutations
 18315 | D:14     | Gained mutation: Your system is resistant to poisons.
                  | (rPois) [Xom's grace]
 18315 | D:14     | Gained mutation: You are strong-willed. (Will+) [Xom's
                  | grace]
 18315 | D:14     | Lost mutation: You have large cloven feet. [Xom's grace]
 18315 | D:14     | Gained mutation: You have sharp toenails. [Xom's grace]
 18386 | D:14     | XOM: fog
 18602 | D:14     | Reached skill level 21 in Unarmed Combat
 18734 | D:14     | XOM: divination: magic mapping
 18790 | D:14     | XOM: god gift: javelin
 18929 | D:14     | XOM: god gift: 56 gold pieces
 18933 | D:15     | Entered Level 15 of the Dungeon
 18936 | D:15     | XOM: scenery: 1 fountains blood, 2 doors open
 18987 | D:15     | Found a staircase to the Depths.
 19150 | D:15     | XOM: divination: detect creatures
 19278 | D:15     | XOM: scenery: 1 fountains blood, 1 doors open, 1 doors
                  | close
 19292 | D:15     | XOM: potion effect (attraction)
 19294 | D:15     | XOM: god gift: runed flail {god gift}
 19322 | D:15     | Reached XP level 17. HP: 173/173 MP: 16/16
 19401 | D:15     | XOM: give mutations
 19401 | D:15     | Gained mutation: Your skin changes colour to match your
                  | surroundings (Stealth+). [Xom's grace]
 19401 | D:15     | Gained mutation: You are mostly covered in iridescent
                  | scales. (AC +4) [Xom's grace]
 19401 | D:15     | Gained mutation: Your spells are harder to cast, but more
                  | powerful. [Xom's grace]
 19431 | D:15     | XOM: scenery: 1 doors close
 19577 | D:15     | XOM: god gift: green potion {god gift}
 19580 | D:15     | XOM: scenery: 1 doors open, 1 doors close
 19653 | D:15     | XOM: god gift: scroll of teleportation
 19907 | D:15     | XOM: give mutations
 19907 | D:15     | Gained mutation: Your spells are much harder to cast, but
                  | much more powerful. [Xom's grace]
 19907 | D:15     | Gained mutation: Your muscles are strong. (Str +4, Int/Dex
                  | -1) [Xom's grace]
 19907 | D:15     | Gained mutation: You are somewhat resistant to further
                  | mutation. [Xom's grace]
 19907 | D:15     | Gained mutation: You possess an exceptional clarity of
                  | mind. [Xom's grace]
 19915 | D:15     | XOM: summons 9 hostile demons
 20147 | D:15     | Upgraded the game from 0.31-a0-1570-g93c622d222 to
                  | 0.31-a0-1576-ga3383bade6
 20356 | Snake:1  | Entered Level 1 of the Snake Pit
 20356 | Snake:1  | Noticed Roxanne
 20376 | Snake:1  | XOM: cleaving
 20435 | Snake:1  | XOM: summons friendly white imp
 20442 | Snake:1  | Killed Roxanne
 20645 | Snake:1  | Found Maedduuz's Assorted Antiques.
 20647 | Snake:1  | Found Ymirem Nihecs's Book Emporium.
 20650 | Snake:1  | Found Ysuraof's Book Shoppe.
 20658 | Snake:1  | XOM: summons friendly hellwing
 20711 | Snake:1  | Bought a brown potion for 22 gold pieces
 20711 | Snake:1  | Bought a scroll of fear for 100 gold pieces
 20711 | Snake:1  | Bought a potion of might for 100 gold pieces
 20758 | Snake:1  | Reached skill level 10 in Dodging
 21031 | Snake:2  | Noticed Vashnia
 21050 | Snake:2  | XOM: enchant monster (good)
 21093 | Snake:2  | XOM: summons friendly shadow imp
 21117 | Snake:1  | XOM: divination: detect creatures
 21135 | Snake:2  | XOM: give mutation
 21135 | Snake:2  | Gained mutation: You are highly strong-willed. (Will++)
                  | [Xom's grace]
 21136 | Snake:2  | Killed Vashnia
 21140 | Snake:2  | XOM: divination: magic mapping
 21184 | Snake:1  | XOM: scenery: create altars
 21260 | Snake:2  | XOM: scenery: summon butterflies
 21306 | Snake:2  | Noticed Donald
 21318 | Snake:2  | XOM: summons 15 friendly demons
 21320 | Snake:2  | Killed Donald
 21483 | Snake:2  | XOM: fog
 21513 | Snake:2  | You fall into a shaft and drop 1 floor!
 21518 | Snake:3  | Found Roejemn's Weapon Shoppe.
 21519 | Snake:3  | Found Oruhun's Assorted Antiques.
 21519 | Snake:3  | Found Baotaeffe's Magic Scroll Emporium.
 21523 | Snake:3  | Found Ricsot's Distillery.
 21536 | Snake:3  | Bought a scroll of identify for 78 gold pieces
 21536 | Snake:3  | Bought a scroll of identify for 78 gold pieces
 21557 | Snake:3  | Bought a potion of heal wounds for 80 gold pieces
 21560 | Snake:3  | Bought a scroll of revelation for 127 gold pieces
 21560 | Snake:3  | Bought a scroll of fear for 68 gold pieces
 21560 | Snake:3  | Bought a scroll of teleportation for 51 gold pieces
 21628 | Snake:3  | Identified the amulet "Qocilu Ixaa" {Rampage ^Drain rN+
                  | Regen+ Str+2} (Xom gifted it to you on level 3 of the Snake
                  | Pit)
 21628 | Snake:3  | XOM: god gift: amulet "Qocilu Ixaa" {Rampage ^Drain rN+
                  | Regen+ Str+2}
 21760 | Snake:2  | XOM: 1-stop teleportation journey
 21927 | Snake:2  | XOM: scenery: summon butterflies
 22073 | Snake:3  | Reached skill level 22 in Unarmed Combat
 22118 | Snake:3  | XOM: cast spell 'Summon Cactus Giant'
 22139 | Snake:3  | XOM: polymorph cactus giant -> shambling mangrove
 22147 | Snake:3  | XOM: cleaving
 22162 | Snake:3  | XOM: potion effect (might)
 22163 | Snake:3  | XOM: fog
 22172 | Snake:3  | XOM: destruction
 22193 | Snake:3  | Reached XP level 18. HP: 122/183 MP: 17/17
 22201 | Snake:3  | Reached skill level 10 in Evocations
 22261 | Snake:3  | XOM: fake destruction
 22367 | Snake:3  | XOM: enchant monster (good)
 22371 | Snake:3  | XOM: cast spell 'Iskenderun's Battlesphere'
 22476 | Snake:3  | XOM: polymorph sea snake -> blink frog
 22616 | Snake:3  | Reached skill level 10 in Shields
 22618 | Snake:3  | XOM: destruction
 22800 | Snake:4  | Entered Level 4 of the Snake Pit
 22963 | Snake:4  | XOM: polymorph black mamba -> hound
 22971 | Snake:4  | Found a runed translucent door.
 22971 | Snake:4  | Noticed Flugslaktarn's ghost (adept MiFi)
 22991 | Snake:4  | Killed Flugslaktarn's ghost
 23202 | Snake:4  | XOM: smoke on damage
 23233 | Snake:4  | XOM: give mutation
 23233 | Snake:4  | Gained mutation: You passively map the area around you.
                  | [Xom's grace]
 23273 | Snake:4  | XOM: scenery: 1 doors open, 2 doors close
 23389 | Snake:4  | Found Romuuw's Antique Armour Shop.
 23402 | Snake:4  | Bought a runed cloak for 210 gold pieces
 23459 | Snake:4  | XOM: cast spell 'Summon Mana Viper'
 23659 | Snake:4  | XOM: give mutations
 23659 | Snake:4  | Lost mutation: Your body sometimes deteriorates upon taking
                  | damage. [Xom's mischief]
 23659 | Snake:4  | Lost mutation: You are somewhat resistant to further
                  | mutation. [Xom's mischief]
 23963 | Snake:4  | XOM: give mutation
 23963 | Snake:4  | Lost mutation: You possess an exceptional clarity of mind.
                  | [Xom's mischief]
 24069 | Snake:4  | XOM: confuse monster(s)
 24108 | Snake:4  | XOM: cloud trail
 24110 | Snake:4  | Got a serpentine rune of Zot
 24337 | Lair:2   | XOM: god gift: scroll of vulnerability
 24368 | Shoals:1 | Entered Level 1 of the Shoals
 24429 | Shoals:1 | XOM: give mutations
 24429 | Shoals:1 | Lost mutation: You are resistant to electric shocks.
                  | (rElec) [Xom's mischief]
 24429 | Shoals:1 | Lost mutation: You have sharp toenails. [Xom's mischief]
 24529 | Shoals:1 | XOM: polymorph merfolk impaler -> shapeshifter
 24530 | Shoals:1 | XOM: enchant monster (good)
 24546 | Shoals:1 | Reached skill level 10 in Armour
 24609 | Shoals:1 | Noticed Frances
 24618 | Shoals:1 | Killed Frances
 24741 | Shoals:1 | Reached skill level 23 in Unarmed Combat
 24882 | Shoals:1 | XOM: give mutations
 24882 | Shoals:1 | Gained mutation: You are partially covered in large bone
                  | plates. (SH +4) [Xom's grace]
 24882 | Shoals:1 | Gained mutation: Your muscles are very strong. (Str +8,
                  | Int/Dex -2) [Xom's grace]
 24882 | Shoals:1 | Gained mutation: You expend magic power (3 MP) to
                  | strengthen your wands. [Xom's grace]
 24882 | Shoals:1 | Gained mutation: You have sharp toenails. [Xom's grace]
 25026 | Shoals:2 | XOM: god gift: 6 datura-tipped darts
 25164 | Shoals:2 | Found Haaf's Magic Scroll Shoppe.
 25167 | Shoals:2 | Bought a scroll of enchant armour for 135 gold pieces
 25167 | Shoals:2 | Bought a scroll of enchant armour for 135 gold pieces
 25167 | Shoals:2 | Bought a scroll of teleportation for 54 gold pieces
 25282 | Shoals:2 | Found Cimunt Koju's Antique Weapon Shoppe.
 25359 | Shoals:2 | Bought a scroll of identify for 36 gold pieces
 25431 | Shoals:2 | Found Kaiheuk's Book Boutique.
 25437 | Shoals:2 | Found Toophib's Antique Armour Emporium.
 25538 | Shoals:2 | Found Doacs's Antique Armour Emporium.
 25592 | Shoals:2 | Bought a scorched cloak for 209 gold pieces
 25592 | Shoals:2 | Identified the +2 cloak "Udeska" {*Corrode rN+ Int+2 Dex+3}
                  | (You bought it in a shop on level 2 of the Shoals)
 25733 | Shoals:3 | Reached XP level 19. HP: 192/192 MP: 18/18
 25919 | Shoals:3 | Found a runed translucent gate.
 25919 | Shoals:3 | Found a runed translucent gate.
 25919 | Shoals:3 | Found a runed translucent gate.
 25919 | Shoals:3 | Noticed lugworm's ghost (adept NaSh)
 25930 | Shoals:3 | XOM: enchant monster (good)
 25942 | Shoals:3 | XOM: chaos cloud
 25943 | Shoals:3 | Paralysed by you for 1 turns
 25960 | Shoals:3 | Killed lugworm's ghost
 26126 | Shoals:3 | XOM: give mutations
 26126 | Shoals:3 | Lost mutation: Your skin changes colour to match your
                  | surroundings (Stealth+). [Xom's mischief]
 26126 | Shoals:3 | Lost mutation: You are very agile. (Dex +8, Str/Int -2)
                  | [Xom's mischief]
 26126 | Shoals:3 | Lost mutation: Your mind is acute. (Int +4, Str/Dex -1)
                  | [Xom's mischief]
 26233 | Shoals:4 | Entered Level 4 of the Shoals
 26234 | Shoals:4 | XOM: enchant monster (bad)
 26280 | Shoals:4 | XOM: repel stairs
 26282 | Shoals:4 | XOM: polymorph merfolk siren -> shapeshifter
 26315 | Shoals:4 | Noticed Bai Suzhen
 26317 | Shoals:4 | XOM: blink monster(s)
 26319 | Shoals:4 | XOM: draining
 26320 | Shoals:4 | XOM: summons 4 hostile demons
 26323 | Shoals:4 | XOM: chaos cloud
 26343 | Shoals:4 | XOM: confuse monster(s)
 26344 | Shoals:4 | XOM: enchant monster (bad)
 26353 | Shoals:4 | Killed Bai Suzhen
 26454 | Shoals:4 | Noticed Ilsuiw
 26479 | Shoals:4 | XOM: enchant monster (bad)
 26490 | Shoals:4 | XOM: enchant monster (good)
 26492 | Shoals:4 | XOM: scenery: summon butterflies
 26560 | Shoals:4 | XOM: divination: magic mapping
 26566 | Shoals:3 | Killed Ilsuiw
 26568 | Shoals:3 | XOM: potion effect (might)
 26593 | Shoals:4 | XOM: noise
 26968 | Shoals:4 | XOM: 4-stop teleportation journey
 27047 | Shoals:4 | Identified the ring "Ogronkuh" {rC+ Will+ Str+4 Dex+3
                  | Stlth+}
 27219 | Shoals:4 | XOM: noise
 27222 | Shoals:4 | XOM: cast spell 'Fugue of the Fallen'
 27224 | Shoals:4 | XOM: cast spell 'Summon Ice Beast'
 27399 | Shoals:4 | Got a barnacled rune of Zot
 27439 | Shoals:4 | XOM: confuse monster(s)
 27561 | Shoals:4 | XOM: divination: magic mapping
 27562 | Shoals:4 | XOM: silly message
 27803 | Vaults:1 | Entered Level 1 of the Vaults
 27805 | Vaults:1 | Noticed Nikola
 27821 | Vaults:1 | Killed Nikola
 27853 | Vaults:1 | XOM: divine lightning
 27956 | Vaults:1 | Found a crumbling gateway.
 27969 | Desolati | Entered the Desolation of Salt
 28022 | Desolati | Identified the scarf of Iril {rC+ rF+, Harm rElec Regen+
                  | Int-5} (Xom gifted it to you in the Desolation of Salt)
 28022 | Desolati | XOM: god gift: scarf of Iril {rC+ rF+, Harm rElec Regen+
                  | Int-5}
 28093 | Desolati | XOM: god gift: scroll of fear
 28095 | Desolati | XOM: enchant monster (good)
 28124 | Desolati | XOM: enchant monster (good)
 28138 | Desolati | HP: 3/172 [servant of whispers/+0 spear of venom (9)]
 28144 | Desolati | XOM: divine lightning
 28145 | Desolati | HP: 2/177 [servant of whispers/bolt of lightning (36)]
 28151 | Desolati | XOM: fog
 28239 | Desolati | Got the Atlas of Generation
 28251 | Desolati | Identified the +3 rapier "String" {freeze, Str+5}
 28308 | Desolati | Reached skill level 24 in Unarmed Combat
 28308 | Desolati | Reached XP level 20. HP: 192/193 MP: 19/19
 28336 | Desolati | Identified the +10 quarterstaff of the Open Hand {freeze,
                  | Fly rPois rC+++ Str-5}
 28346 | Desolati | Found the +5 scythe "Finisher" {speed, execute}
 28361 | Desolati | Got the Writings on Dark Outbursts
 28640 | Desolati | Identified the ring of Terhain {rF++ Will+}
 28656 | Desolati | Identified the ring of Pink {^Contam Will+++ rCorr Dex+8
                  | Slay+4}
 28860 | Vaults:1 | Noticed Zenata
 28879 | Vaults:1 | Killed Zenata
 28897 | Vaults:1 | XOM: 2-stop teleportation journey
 28919 | Vaults:1 | XOM: cleaving
 28943 | Vaults:1 | XOM: summons friendly shadow imp
 29072 | Vaults:1 | Found Maha's General Store.
 29079 | Vaults:1 | Bought 2 potions of resistance for 200 gold pieces
 29527 | Vaults:1 | XOM: confuse monster(s)
 29696 | Vaults:1 | XOM: silly message
 29733 | Vaults:2 | Found a runed translucent door.
 29733 | Vaults:2 | Found a shimmering altar of Xom.
 29733 | Vaults:2 | Noticed Fubrub's ghost (veteran GnWr)
 29733 | Vaults:2 | Identified the +6 eveningstar of Pasiki {chaos, rC+ rN+
                  | Str+5}
 29931 | Vaults:2 | XOM: cast spell 'Summon Small Mammal'
 29947 | Vaults:2 | XOM: enchant monster (bad)
 30233 | Vaults:2 | XOM: enchant monster (good)
 30673 | Vaults:3 | XOM: cast spell 'Chain of Chaos'
 30679 | Vaults:3 | XOM: cast spell 'Fugue of the Fallen'
 30683 | Vaults:3 | XOM: confuse monster(s)
 30879 | Vaults:3 | Identified the +5 orcbow "Woupt" {drain, Str+3 Stlth+}
 30941 | Vaults:3 | XOM: silly message
 30981 | Vaults:3 | XOM: summons friendly shadow imp
 31150 | Vaults:3 | XOM: confuse monster(s)
 31182 | Vaults:3 | XOM: summons 8 hostile demons
 31297 | Vaults:3 | Found a staircase to the Crypt.
 31496 | Vaults:4 | XOM: enchant monster (bad)
 31586 | Vaults:4 | XOM: divination: detect creatures
 31664 | Vaults:4 | Reached skill level 10 in Fighting
 31664 | Vaults:4 | Reached XP level 21. HP: 186/217 MP: 20/20
 31764 | Vaults:4 | XOM: summons 4 friendly demons
 31788 | Vaults:4 | Noticed a golden dragon
 31789 | Vaults:4 | XOM: divination: magic mapping
 31800 | Vaults:4 | Reached skill level 25 in Unarmed Combat
 31812 | Vaults:4 | Killed a golden dragon
 31980 | Vaults:4 | XOM: polymorph ironbound convoker -> spriggan
 32097 | Vaults:4 | XOM: enchant monster (good)
 32103 | Vaults:4 | XOM: summons friendly ufetubus
 32105 | Vaults:4 | XOM: potion effect (berserk rage)
 33066 | Elf:1    | XOM: noise
 33066 | Elf:1    | Entered Level 1 of the Elven Halls
 33120 | Elf:1    | XOM: silly message
 33121 | Elf:1    | XOM: divination: detect creatures
 33155 | Elf:1    | XOM: potion effect (might)
 33390 | Elf:1    | XOM: chaos upgrade
 33393 | Elf:1    | XOM: chaos upgrade
 33417 | Elf:1    | XOM: fog
 33476 | Elf:1    | Found Dote's Jewellery Boutique.
 33491 | Elf:1    | XOM: noise
 33492 | Elf:1    | Identified the ring of Xom's Passing Interest {Fly Str+3}
 33498 | Elf:1    | XOM: cast spell 'Leda's Liquefaction'
 33534 | Elf:1    | Paralysed by an air elemental for 1 turns
 33537 | Elf:1    | Paralysed by an air elemental for 1 turns
 33553 | Elf:1    | XOM: blink monster(s)
 33627 | Elf:1    | XOM: polymorph deep elf pyromancer -> ribbon worm
 33916 | Elf:1    | XOM: summons friendly white imp
 33925 | Elf:1    | Found Tavefeb's Weapon Boutique.
 34337 | Elf:1    | XOM: give mutations
 34337 | Elf:1    | Lost mutation: You have a moderately thin skeletal
                  | structure. (Dex +4, Stealth++) [Xom's mischief]
 34337 | Elf:1    | Lost mutation: You are robust. (+10% HP) [Xom's mischief]
 34337 | Elf:1    | Lost mutation: You passively map the area around you.
                  | [Xom's mischief]
 34351 | Elf:2    | Found Nuusuin's Jewellery Boutique.
 34414 | Elf:2    | XOM: polymorph deep elf archer -> meliai
 34421 | Elf:2    | XOM: confuse monster(s)
 34431 | Elf:2    | XOM: confuse monster(s)
 34437 | Elf:2    | XOM: enchant monster (good)
 34744 | Elf:2    | Found a runed translucent gate.
 34749 | Elf:2    | Found a runed translucent gate.
 34749 | Elf:2    | Found a runed translucent gate.
 34893 | Elf:2    | XOM: god gift: 5 stones
 34897 | Elf:2    | Found a runed translucent door.
 34901 | Elf:2    | Found an ancient bone altar of Kikubaaqudgha.
 34921 | Elf:2    | XOM: scenery: 1 doors open
 35019 | Elf:3    | Entered Level 3 of the Elven Halls
 35178 | Elf:3    | Noticed Dirian's ghost (adept MiFi)
 35194 | Elf:3    | Found a runed translucent door.
 35210 | Elf:3    | XOM: destruction
 35214 | Elf:3    | XOM: cleaving
 35242 | Elf:3    | Killed Dirian's ghost
 35380 | Elf:3    | XOM: give mutations
 35380 | Elf:3    | Gained mutation: You are very agile. (Dex +8, Str/Int -2)
                  | [Xom's grace]
 35380 | Elf:3    | Gained mutation: Your flesh is heat resistant. (rF+) [Xom's
                  | grace]
 35380 | Elf:3    | Gained mutation: You have a pair of small horns on your
                  | head. [Xom's grace]
 35415 | Elf:3    | Reached XP level 22. HP: 157/214 MP: 17/21
 35434 | Elf:3    | XOM: polymorph deep elf high priest -> polar bear
 35456 | Elf:3    | XOM: chaos upgrade
 35496 | Elf:3    | Identified the +8 lajatang of Navoty {drain, Int+3}
 35581 | Elf:3    | Found the +2 Maxwell's thermic engine {flame, freeze, rev}
 35596 | Elf:3    | XOM: polymorph deep elf death mage -> emperor scorpion
 35609 | Elf:3    | XOM: swap monsters
 35678 | Elf:3    | Got the Verses on the Luminous Zephyr
 35683 | Elf:3    | Identified the +7 chain mail "Wibyor" {Fly}
 35714 | Elf:3    | Identified the +3 war axe of the Big Bang {freeze, rCorr
                  | Stlth+}
 35760 | Elf:3    | Identified the staff of the Heavens {rElec rPois Will+
                  | Earth}
 35791 | Elf:3    | XOM: enchant monster (bad)
 35852 | Elf:3    | XOM: scenery: summon butterflies
 35878 | Elf:3    | XOM: fog
 36065 | Elf:3    | XOM: god gift: plate armour {god gift}
 36132 | Elf:3    | XOM: god gift: book of Minor Magic
 36412 | Depths:1 | Entered Level 1 of the Depths
 36501 | Depths:1 | XOM: polymorph tengu reaver -> catoblepas
 36555 | Depths:1 | XOM: enchant monster (bad)
 36570 | Depths:1 | Reached skill level 26 in Unarmed Combat
 36601 | Depths:1 | XOM: confusion
 36623 | Depths:1 | Reached skill level 15 in Shields
 36623 | Depths:1 | XOM: silly message
 36782 | Depths:1 | XOM: draining
 36785 | Depths:1 | XOM: swap monsters
 36787 | Depths:1 | XOM: 1-stop teleportation journey
 36801 | Depths:1 | XOM: enchant monster (bad)
 36805 | Depths:1 | XOM: confusion (+ monsters)
 36853 | Depths:1 | XOM: swap monsters
 36887 | Depths:1 | Identified the +1 sling of the Vase {flame, rElec rN+ Str+3
                  | Dex-5}
 36931 | Depths:1 | Found a sacrificial altar of Ru.
 36987 | Depths:1 | Found a gateway to Hell.
 37021 | Depths:1 | Found Botas's Assorted Antiques.
 37031 | Depths:1 | Bought a polished cloak for 228 gold pieces
 37031 | Depths:1 | Identified the +1 cloak "Vidut" {rC+ Dex-2 Stlth+} (You
                  | bought it in a shop on level 1 of the Depths)
 37099 | Depths:1 | Found Wuliy's Jewellery Shop.
 37099 | Depths:1 | Found Owolithri's Book Shoppe.
 37100 | Depths:1 | Found Cithueph's Jewellery Shop.
 37140 | Depths:2 | XOM: enchant monster (bad)
 37142 | Depths:2 | Noticed Grunn
 37145 | Depths:2 | XOM: blink monster(s)
 37150 | Depths:2 | XOM: fake destruction
 37161 | Depths:2 | Killed Grunn
 37279 | Depths:2 | XOM: fog
 37308 | Depths:2 | XOM: summons 8 friendly demons
 37500 | Depths:2 | Noticed the Enchantress
 37516 | Depths:2 | Killed the Enchantress
 37528 | Depths:2 | XOM: enchant monster (good)
 37539 | Depths:2 | XOM: divination: magic mapping
 37820 | Depths:2 | Found Catoczoz's Weapon Shoppe.
 37946 | Depths:2 | XOM: scenery: 1 fountains blood, 2 doors open, 2 doors
                  | close
 37951 | Depths:2 | Reached skill level 5 in Stealth
 38236 | Depths:2 | Found a stormy altar of Qazlal.
 38297 | Depths:2 | XOM: enchant monster (good)
 38363 | Depths:2 | XOM: polymorph necromancer -> basilisk
 38376 | Depths:2 | XOM: chaos cloud
 38400 | Depths:2 | XOM: 3-stop teleportation journey
 38402 | Depths:2 | XOM: scenery: create altars
 38446 | Depths:2 | XOM: cleaving
 38501 | Depths:2 | Noticed a golden dragon
 38502 | Depths:2 | XOM: smoke on damage
 38506 | Depths:2 | Identified the +7 rapier of the Thoughtful Seers {pain,
                  | Will+}
 38513 | Depths:2 | Reached XP level 23. HP: 178/228 MP: 22/22
 38530 | Depths:2 | XOM: potion effect (heal wounds)
 38653 | Depths:2 | XOM: scenery: 1 fountains blood, 4 doors close
 38706 | Depths:2 | XOM: summons friendly shadow imp
 38727 | Depths:2 | XOM: confuse monster(s)
 38959 | Depths:2 | Got the Textbook on Unholy Nonlocality
 39006 | Depths:2 | XOM: confuse monster(s)
 39125 | Depths:2 | Found a one-way gate leading to the halls of Pandemonium.
 39327 | Depths:2 | XOM: scenery: 3 doors close
 39407 | Depths:3 | XOM: cloud trail
 39472 | Depths:3 | Found a one-way gate to the infinite horrors of the Abyss.
 39527 | Depths:3 | XOM: scenery: create altars
 39589 | Depths:3 | XOM: divine lightning
 39602 | Depths:3 | Found a sparkling altar of Nemelex Xobeh.
 39982 | Depths:3 | Found a one-way gateway to a ziggurat.
 40068 | Depths:3 | Found an opulent altar of Gozag.
 40425 | Depths:4 | Entered Level 4 of the Depths
 40553 | Depths:4 | XOM: god gift: 7 stones
 40565 | Depths:4 | XOM: summons 7 hostile demons
 40634 | Depths:4 | Found a gate to the Realm of Zot.
 40684 | Depths:4 | XOM: enchant monster (bad)
 40828 | Depths:4 | Reached skill level 27 in Unarmed Combat
 40841 | Depths:4 | Noticed a caustic shrike
 40841 | Depths:4 | XOM: summons friendly shadow imp
 40848 | Depths:4 | XOM: confuse monster(s)
 40849 | Depths:4 | XOM: noise
 40852 | Depths:4 | Killed a caustic shrike
 40867 | Depths:4 | XOM: enchant monster (bad)
 40869 | Depths:4 | XOM: confusion
 40878 | Depths:4 | Noticed a caustic shrike
 40883 | Depths:4 | XOM: silly message
 40925 | Depths:4 | Found the ring of the Mage {Wiz Archmagi}
 40930 | Depths:4 | Identified the +4 short sword "Adghyi Daes" {heavy, rPois
                  | rF+ rCorr SInv}
 40965 | Depths:4 | Noticed a caustic shrike
 40966 | Depths:4 | Noticed a caustic shrike
 40966 | Depths:4 | Noticed a caustic shrike
 40967 | Depths:4 | XOM: god gift: scroll of immolation
 40969 | Depths:4 | Killed a caustic shrike
 40974 | Depths:4 | Killed a caustic shrike
 40978 | Depths:4 | a caustic shrike changed into a shard shrike
 40978 | Depths:4 | Noticed a shard shrike
 40978 | Depths:4 | XOM: polymorph caustic shrike -> shard shrike
 40979 | Depths:4 | Killed a shard shrike
 40984 | Depths:4 | Killed a caustic shrike
 41271 | Depths:4 | Got the Atlas of the Sepulchral Deep Freeze
 41273 | Depths:4 | Identified the +3 chain mail "Dyclih" {Dex+3}
 41375 | Depths:4 | XOM: cleaving
 41476 | Depths:4 | XOM: noise
 41632 | Depths:4 | XOM: summons 3 hostile shadow creatures
 41662 | Depths:4 | XOM: god gift: club {god gift}
 41673 | Depths:4 | Upgraded the game from 0.31-a0-1576-ga3383bade6 to
                  | 0.31-a0-1589-g8f5e8aebd6
 41942 | Crypt:1  | Entered Level 1 of the Crypt
 41968 | Crypt:1  | XOM: enchant monster (bad)
 42018 | Crypt:1  | XOM: cleaving
 42096 | Crypt:1  | Found a runed translucent gate.
 42096 | Crypt:1  | Found a runed translucent gate.
 42098 | Crypt:1  | Found an opulent altar of Gozag.
 42101 | Crypt:1  | Found a runed translucent gate.
 42101 | Crypt:1  | Noticed Datograv's ghost (adept NaAE)
 42142 | Crypt:1  | XOM: swap monsters
 42189 | Crypt:1  | XOM: 8-stop teleportation journey
 42227 | Crypt:1  | XOM: divination: magic mapping
 42257 | Crypt:1  | Reached XP level 24. HP: 240/240 MP: 22/22
 42342 | Crypt:1  | XOM: potion effect (curing)
 42356 | Crypt:1  | XOM: potion effect (heal wounds)
 42464 | Crypt:1  | XOM: potion effect (haste)
 42673 | Crypt:2  | XOM: noise
 42718 | Crypt:2  | XOM: potion effect (invisibility)
 43316 | Crypt:2  | XOM: give mutations
 43316 | Crypt:2  | Gained mutation: You are robust. (+10% HP) [Xom's grace]
 43316 | Crypt:2  | Gained mutation: You passively dampen the noise of your
                  | surroundings. [Xom's grace]
 43418 | Crypt:3  | Entered Level 3 of the Crypt
 43583 | Crypt:3  | Found an ancient bone altar of Kikubaaqudgha.
 43793 | Crypt:3  | XOM: cloud trail
 43860 | Crypt:3  | XOM: enchant monster (good)
 43953 | Crypt:3  | Found a staircase to the Tomb.
 43953 | Crypt:3  | Noticed Jory
 43958 | Crypt:3  | XOM: blink monster(s)
 43959 | Crypt:3  | XOM: blink monster(s)
 43961 | Crypt:3  | Killed Jory
 44265 | Crypt:3  | XOM: give mutation
 44265 | Crypt:3  | Lost mutation: Your muscles are very strong. (Str +8,
                  | Int/Dex -2) [Xom's mischief]
 44314 | Crypt:3  | XOM: summons 5 hostile demons
 44396 | Crypt:3  | XOM is BORED!
 44396 | Crypt:3  | XOM: give mutations
 44396 | Crypt:3  | Lost mutation: You are mostly covered in iridescent scales.
                  | (AC +4) [Xom's mischief]
 44396 | Crypt:3  | Lost mutation: Your spells are much harder to cast, but
                  | much more powerful. [Xom's mischief]
 44396 | Crypt:3  | Lost mutation: You have a somewhat thin skeletal structure.
                  | (Dex +2, Stealth+) [Xom's mischief]
 44413 | Crypt:3  | XOM: summons 3 hostile shadow creatures
 44419 | Crypt:3  | XOM: summons 2 hostile demons
 44636 | Vaults:5 | Entered Level 5 of the Vaults
 44645 | Vaults:5 | XOM: enchant monster (bad)
 44652 | Vaults:5 | XOM: fog
 44686 | Vaults:5 | XOM: potion effect (berserk rage)
 44694 | Vaults:5 | XOM: 3-stop teleportation journey
 44704 | Vaults:5 | XOM: summons friendly white imp
 44709 | Vaults:5 | XOM: cast spell 'Summon Cactus Giant'
 44832 | Vaults:5 | Reached skill level 15 in Fighting
 44887 | Vaults:5 | XOM: silly message
 45149 | Vaults:5 | XOM: potion effect (berserk rage)
 45237 | Vaults:5 | XOM: silly message
 45444 | Vaults:5 | XOM: silly message
 45461 | Vaults:5 | Reached XP level 25. HP: 278/278 MP: 22/22
 45538 | Vaults:5 | XOM: potion effect (might)
 45549 | Vaults:5 | XOM: 1-stop teleportation journey
 45628 | Vaults:5 | Got a silver rune of Zot
 45656 | Vaults:5 | Identified the +0 chain mail of Entitlement {rF+ rN+ Str+2}
 45707 | Vaults:5 | XOM: 2-stop teleportation journey
 45820 | Vaults:5 | XOM: divination: detect creatures
 45846 | Vaults:5 | Noticed an ancient lich
 45855 | Vaults:5 | XOM: confusion
 45859 | Vaults:5 | Killed an ancient lich
 45876 | Vaults:5 | Got Yxookk's Papyrus of Translocated Dark Deeds
 46088 | Vaults:5 | XOM: silly message
 46158 | Vaults:5 | XOM: give mutation
 46158 | Vaults:5 | Gained mutation: A frigid envelope surrounds you and
                  | freezes all who hurt you. [Xom's grace]
 46454 | Depths:3 | Voluntarily entered the Abyss.
 46493 | Abyss:1  | Found a corrupted altar of Lugonu.
 46511 | Abyss:1  | Found a corrupted altar of Lugonu.
 46511 | Abyss:1  | Found a corrupted altar of Lugonu.
 46511 | Abyss:1  | Found a corrupted altar of Lugonu.
 46779 | Abyss:1  | XOM: polymorph neqoxec -> hell rat
 46791 | Abyss:1  | XOM: enchant monster (good)
 46878 | Abyss:1  | XOM: cleaving
 46946 | Abyss:1  | XOM: polymorph kobold demonologist -> iguana
 46973 | Abyss:1  | XOM: smoke on damage
 46976 | Abyss:1  | XOM: scenery: summon butterflies
 46992 | Abyss:2  | XOM: cleaving
 47099 | Abyss:3  | XOM: fake destruction
 47157 | Abyss:3  | XOM: silly message
 47216 | Abyss:3  | Found a corrupted altar of Lugonu.
 47221 | Abyss:3  | Found a corrupted altar of Lugonu.
 47221 | Abyss:3  | XOM: silly message
 47221 | Abyss:3  | Found a corrupted altar of Lugonu.
 47242 | Abyss:3  | XOM: enchant monster (bad)
 47264 | Abyss:3  | Found a corrupted altar of Lugonu.
 47315 | Abyss:3  | Noticed a dread lich
 47326 | Abyss:3  | Killed a dread lich
 47463 | Abyss:3  | XOM: confuse monster(s)
 47466 | Abyss:3  | XOM: cast spell 'Summon Ice Beast'
 47496 | Abyss:3  | XOM: potion effect (haste)
 47506 | Abyss:3  | Got an abyssal rune of Zot
 47509 | Abyss:3  | XOM: potion effect (magic)
 47671 | Depths:3 | Escaped the Abyss
 47679 | Depths:3 | Upgraded the game from 0.31-a0-1589-g8f5e8aebd6 to
                  | 0.31-a0-1598-g94871bc2e8
 47971 | Slime:1  | Entered Level 1 of the Pits of Slime
 48038 | Slime:3  | XOM: cast spell 'Iskenderun's Battlesphere'
 48060 | Slime:2  | Lost mutation: You are robust. (+10% HP) [a shining eye]
 48080 | Slime:2  | XOM: fake destruction
 48127 | Slime:4  | XOM: cleaving
 48155 | Slime:5  | Entered Level 5 of the Pits of Slime
 48316 | Slime:5  | Noticed the Royal Jelly
 48317 | Slime:5  | Found a viscous altar of Jiyva.
 48320 | Slime:5  | XOM: give mutations
 48320 | Slime:5  | Gained mutation: You have a somewhat thin skeletal
                  | structure. (Dex +2, Stealth+) [Xom's grace]
 48320 | Slime:5  | Gained mutation: You are extremely strong-willed. (Will+++)
                  | [Xom's grace]
 48321 | Slime:5  | XOM: destruction
 48334 | Slime:5  | XOM: divine lightning
 48338 | Slime:5  | XOM: summons friendly white imp
 48339 | Slime:5  | Killed the Royal Jelly
 48341 | Slime:5  | XOM: summons 9 friendly demons
 48342 | Slime:5  | Reached XP level 26. HP: 210/265 MP: 22/22
 48403 | Slime:5  | Got the Precepts of Outbursts and Phlogiston
 48422 | Slime:5  | Found the brooch of Shielding {Spirit SH+8}
 48427 | Slime:5  | XOM: 1-stop teleportation journey
 48429 | Slime:5  | XOM: polymorph slime creature -> anaconda
 48505 | Slime:5  | Got a starry gem with 140 turns to spare
 48521 | Slime:5  | Got a slimy rune of Zot
 48522 | Slime:5  | Identified the +0 helmet of Canec {Harm +Blink Int+2}
 48567 | Slime:5  | Got Etulyus's Anthology of Amorphous Metal
 48574 | Slime:5  | Identified the +2 great sword of Fian {flame, *Rage rC+
                  | Dex+6}
 48643 | Slime:3  | Lost the starry gem through the power of Zot.
 48972 | Zot:1    | Entered Level 1 of the Realm of Zot
 49062 | Zot:2    | XOM: stat loss: -1 Str (36/37)
 49115 | Zot:2    | XOM: blink monster(s)
 49192 | Zot:1    | XOM: divination: detect creatures
 49321 | Zot:3    | XOM: silly message
 49468 | Zot:3    | XOM: silly message
 49670 | Zot:4    | XOM: divination: magic mapping
 49683 | Zot:4    | XOM: potion effect (heal wounds)
 49685 | Zot:4    | XOM: divination: detect items
 49706 | Zot:4    | XOM: divination: magic mapping
 49708 | Zot:4    | XOM: potion effect (berserk rage)
 49750 | Zot:4    | XOM: silly message
 49753 | Zot:3    | XOM: cast spell 'Leda's Liquefaction'
 49755 | Zot:3    | XOM: cast spell 'Summon Small Mammal'
 49995 | Zot:4    | Reached skill level 15 in Armour
 50067 | Zot:4    | XOM: potion effect (heal wounds)
 50074 | Zot:4    | XOM: potion effect (attraction)
 50075 | Zot:4    | XOM: potion effect (attraction)
 50095 | Zot:4    | XOM: swap monsters
 50129 | Zot:4    | XOM: stat loss: -1 Str (36/37)
 50221 | Zot:3    | XOM: polymorph storm dragon -> storm dragon
 50251 | Zot:5    | Entered Level 5 of the Realm of Zot
 50384 | Zot:5    | XOM: silly message
 50391 | Zot:5    | XOM: give mutations
 50391 | Zot:5    | Lost mutation: Your muscles are strong. (Str +4, Int/Dex
                  | -1) [Xom's mischief]
 50391 | Zot:5    | Lost mutation: You are partially covered in iridescent
                  | scales. (AC +2) [Xom's mischief]
 50393 | Zot:5    | XOM: cloud trail
 50565 | Zot:5    | XOM: summons 3 friendly demons
 50717 | Zot:5    | Noticed a dread lich
 50744 | Zot:5    | XOM: cast spell 'Summon Ice Beast'
 50746 | Zot:5    | Killed a dread lich
 50790 | Zot:5    | Noticed an orb of fire
 50800 | Zot:5    | Killed an orb of fire
 50858 | Zot:5    | Noticed an ancient lich
 50863 | Zot:5    | Noticed an orb of fire
 50889 | Zot:5    | Killed an orb of fire
 50965 | Zot:5    | Noticed an orb of fire
 50971 | Zot:5    | Lost mutation: Your spells are harder to cast, but more
                  | powerful. [an orb of fire]
 50973 | Zot:5    | Killed an orb of fire
 50974 | Zot:5    | Noticed a dread lich
 50979 | Zot:5    | Killed an ancient lich
 50990 | Zot:5    | XOM: summons 5 friendly demons
 50991 | Zot:5    | XOM: summons 5 friendly demons
 51016 | Zot:5    | XOM: summons friendly quasit
 51018 | Zot:5    | Killed a dread lich
 51044 | Zot:5    | Noticed a dread lich
 51044 | Zot:5    | Noticed an orb of fire
 51044 | Zot:5    | XOM: 8-stop teleportation journey
 51184 | Zot:5    | XOM: 4-stop teleportation journey
 51241 | Zot:5    | XOM: noise
 51268 | Zot:5    | Got the Orb of Zot
 51268 | Zot:5    | XOM: give mutations
 51268 | Zot:5    | Lost mutation: You passively map a small area around you.
                  | [Xom's mischief]
 51268 | Zot:5    | Lost mutation: You are extremely strong-willed. (Will+++)
                  | [Xom's mischief]
 51410 | Zot:3    | Noticed Noquigix the pandemonium lord
 51441 | Zot:2    | XOM: summons friendly shadow imp
 51466 | Zot:2    | Reached XP level 27. HP: 182/273 MP: 22/22
 51745 | D:9      | XOM: give mutation
 51745 | D:9      | Gained mutation: Your muscles are strong. (Str +4, Int/Dex
                  | -1) [Xom's grace]
 51958 | D:$      | Escaped with the Orb!

Illustrated notes

Levels and vault maps discovered:
D:1:      dpeg_arrival_rooms_b, layout_basic
D:2:      layout_basic, shapermc_ecumenical_altar_mp_urbaneastern
D:3:      layout_rooms, corner_web_ring, kennysheep_cluttered_room,
          amcnicky_mini_pool_small, uniq_grinder, uniq_jessica, uniq_natasha
D:4:      layout_rooms, lemuel_coloured_pillars_altar, minmay_manual_mail
D:5:      layout_rooms, minmay_temple_entry_glassed_door, minivault_23,
          uniq_duvessa, uniq_sigmund
D:6:      layout_gridville, tgw_fedhas, mainiacjoe_overflow_brackets,
          nicolae_dithmenos_the_darkroom, billiards_dpeg, uniq_blork_the_orc,
          uniq_maggie, uniq_menkaure
D:7:      layout_basic, general_overflow_altar
D:8:      layout_rooms, nicolae_ashenzari_panopticon, lair_entry_dummy,
          chequers_serial_rivers_micro_e, nicolae_wwwww, uniq_pikel, uniq_erica
D:9:      layout_cave_pools, serial_shops, nicolae_shop_pleasant_corner_grove
D:10:     layout_irregular_city, fiery_altar_vehumet, erik_orc_1, uniq_fannar
D:11:     layout_loops_corners, kennysheep_orc_sif_temple, uniq_josephine
D:12:     layout_gridville, portal_ice_cave_rime, uniq_lodul
D:13:     minmay_the_grid_triangle_9x9_rhombus_thin_mashed
          [minmay_the_grid_triangle_9x9_tough_junction,
          minmay_the_grid_triangle_9x9_prize_top_heavy,
          minmay_the_grid_triangle_9x9_limited_checkers,
          minmay_the_grid_triangle_9x9_alien], layout_loops_cross,
          david_vaults_1, gauntlet_entry_generic,
          hangedman_decor_clover_reticule, uniq_sonja, uniq_rupert, uniq_erolcha
D:14:     layout_cave_pods, nrook_mini_backslash, minmay_statues_item
D:15:     hangedman_crystal_crosses_colossus [crystal_crosses_arms_two,
          crystal_crosses_arms_one, crystal_crosses_arms_one], serial_shops
Lair:1:   layout_regular_city, gammafunk_ghost_hydra_chop, uniq_gastronok
Lair:2:   layout_gridlike, elwin_shoals_entry_rooms,
          minmay_snake_entry_guardpost_large, infiniplex_staircase_pool
Lair:3:   layout_chaotic_city, ebering_ghost_rock_garden,
          nicolae_lair_grove_arrangements
Lair:4:   layout_misc_corridors, enter_volcano_2, uniq_kirke
Lair:5:   wormcave, layout_cave_shapes, guppyfry_lair_end_dragon, slime_entry_1,
          minivault_26, uniq_nessos
Shoals:1: layout_shoals, uniq_frances
Shoals:2: layout_shoals, serial_shops, nicolae_shop_crystal,
          nicolae_square_shop, nicolae_shop_overgrown_old_shop,
          nicolae_shop_rolled_up, nicolae_shop_behind_doors
Shoals:3: layout_shoals, gammafunk_ghost_necromancy, nicolae_tricolors
Shoals:4: shoals_end_grunt_ice, layout_shoals, shoals_ilsuiw_alternative,
          uniq_bai_suzhen
Snake:1:  layout_misc_corridors, st_stairs_13, minmay_shop_star, uniq_roxanne
Snake:2:  layout_grid_maze, uniq_vashnia, uniq_donald
Snake:3:  layout_rooms, serial_bayou_crossing, serial_bayou_shore_a,
          grunt_megastairs_5, minmay_shoptagon
Snake:4:  snake_pit_salamanders_mu, layout_cave_town, serial_shops, shop,
          ebering_ghost_inner_flame
Slime:1:  layout_caves
Slime:2:  layout_caves
Slime:3:  layout_caves
Slime:4:  layout_caves
Slime:5:  slime_pit_nicolae_trefoil
Orc:1:    layout_caves, basic_altar, serial_shops, nicolae_shop_gibbet_a_chance,
          mines2_david
Orc:2:    st_orc_ogre_mass, layout_caves, serial_shops, shop
Elf:1:    minmay_elf_arrival_plus, layout_rooms, serial_shops,
          nicolae_shop_pleasant_corner_grove, evilmike_minifort,
          minmay_shop_enchanted_jewellery, patterned_corridor
Elf:2:    nicolae_elf_blades_crystal_corner, layout_onion_city, serial_shops,
          nicolae_stop_n_shop_2, nicolae_danse_macabre
Elf:3:    minmay_elf_hall_quartered_circle, layout_onion_city,
          hellmonk_ghost_big_iron
Vaults:1: portal_desolation_entry_salt, nicolae_vaults_double_plus_1,
          nicolae_vaults_double_plus_1, nicolae_vaults_stepped_doors, v_misc_18,
          v_misc_4, vaults_room_fancy_cross, nicolae_vaults_little_squares_1,
          grunt_vaults_swirl, v_alt_pattern_1, ontoclasm_vaults_fault,
          nicolae_vaults_apartment_1, ontoclasm_vaults_twist,
          layout_vaults_omnicross, serial_shops, nicolae_shop_tiny_waterfront,
          uniq_nikola, uniq_zenata
Vaults:2: ebering_ghost_xom, nicolae_vaults_trapezoid_3,
          nicolae_vaults_little_squares_6, vaults_room_pool,
          nicolae_vaults_closet_pinwheel_1, v_misc_17,
          nicolae_vaults_surprise_closet_hard, vaults_standard_mumra_x,
          nicolae_vaults_little_squares_2, vaults_room_hallway,
          nicolae_vaults_layer_cake_slice, ontoclasm_vaults_idyll,
          layout_vaults_omnibox
Vaults:3: nicolae_vaults_diffraction_hallways, nicolae_vaults_shrinking_rooms_1,
          v_misc_32, vaults_dpeg_hooks, hangedman_vaults_maws,
          minmay_crypt_entry_simple_plaza, nicolae_vaults_frosty_reception,
          ontoclasm_vaults_hangar, nicolae_vaults_surprise_closet,
          hangedman_vaults_stretched_pinwheel, layout_vaults_maze_snakey
Vaults:4: nicolae_vaults_closet_pinwheel_1, vaults_dpeg_spiral,
          nicolae_vaults_disappearing_quadrants, nicolae_vaults_network_square,
          nicolae_vaults_storage_closets_1, vaults_room_corners,
          nicolae_vaults_heart-shaped_vault, nicolae_vaults_heart-shaped_vault,
          nicolae_vaults_variable_pillar_hall, ontoclasm_vaults_shuriken,
          nicolae_vaults_tetromino_L_2, layout_vaults_chaotic_city
Vaults:5
Crypt:1:  layout_gridlike, ebering_ghost_gozag, grunt_crypt_arrival_guarded_gate
Crypt:2:  layout_gridlike, grunt_megastairs_1, uniq_margery
Crypt:3:  grunt_crypt_end_deaths_head
Depths:1: layout_cave_pools, hell_entry, serial_shops,
          nicolae_shop_tiny_waterfront, nicolae_ru_path_of_blood,
          minmay_shop_grove
Depths:2: hangedman_box_tower, layout_gridlike,
          nicolae_qazlal_scattered_showers, grunt_pan_entry_in_and_out,
          grunt_hell_entry_dis_mu, serial_shops, nicolae_take_the_stairs,
          ebering_dispersal_statue_hall, kennysheep_inner_square,
          uniq_enchantress, uniq_grunn
Depths:3: regret_index_nemelex_summoning_deck_glade, layout_cave_shapes,
          ziggurat_fallback, hell_entry, abyss_entry, grunt_gozag_breadcrumbs
Depths:4: evilmike_zot_entry_argh, layout_gridlike, lightli_too_deep,
          nicolae_two_hexagons, nrook_uturn, minmay_checkered_concentric_circles
Zot:1:    hellmonk_paralyzer, layout_gridlike,
          regret_index_zotdec_silver_v_v_loose,
          regret_index_zotdec_carving_tricks, nicolae_shop_clearance
Zot:2:    layout_concentric_octagons, regret_index_zotdec_bone_old
Zot:3:    layout_basic, grunt_megastairs_4
Zot:4:    layout_gridlike
Zot:5:    layout_gridlike, st_stairs_7

Skill      XL: |  1  2  3  4  5  6  7  8  9 10 11 12 13 14 15 16 17 18 19 20 21 22 23 24 25 26 27 |
---------------+----------------------------------------------------------------------------------+-----
Dodging        | 2 3 4 5 6 7 8 9 10 11 | 11.9
Unarmed Combat | 4 5 6 8 10 12 14 16 17 18 19 20 21 22 23 24 25 26 27 | 27.0
Fighting       | 3 4 5 6 7 8 10 11 13 14 15 16 | 16.1
Armour         | 1 3 6 8 10 11 12 13 14 16 | 16.1
Evocations     | 2 4 5 6 8 9 10 11 12 13 14 | 14.3
Shields        | 1 3 5 6 8 9 11 12 13 14 15 16 19 21 23 24 | 24.0
Axes           | 1 |  1.0
Stealth        | 2 3 4 5 6 |  6.4

Action                     |  1- 3 |  4- 6 |  7- 9 | 10-12 | 13-15 | 16-18 | 19-21 | 22-24 | 25-27 || total
---------------------------+-------+-------+-------+-------+-------+-------+-------+-------+-------++-------
  Melee: Unarmed           |    88 |    51 |   200 |   444 |   570 |  1103 |  1321 |  1431 |   989 ||  6197
         Punch             |     1 |       |     7 |    13 |       |       |       |       |       ||    21
         Broad axe         |       |       |       |     3 |     8 |       |       |       |       ||    11
         Kick              |       |       |       |       |    64 |   397 |   515 |   613 |   456 ||  2045
         Headbutt          |       |       |       |       |       |       |     6 |   402 |   267 ||   675
  Evoke: Wand              |       |       |       |    17 |     4 |     1 |     1 |     8 |     8 ||    39
         Lightning rod     |       |       |       |       |       |     2 |     4 |       |       ||     6
    Use: Scroll            |       |       |    10 |     1 |    16 |    11 |     7 |    13 |    14 ||    72
         Potion            |       |       |       |       |     9 |       |     8 |     2 |     7 ||    26
   Stab: Paralysed         |       |       |       |     1 |       |     1 |     1 |       |       ||     3
         Confused          |       |       |       |     2 |     4 |       |     9 |    11 |       ||    26
         Sleeping          |       |       |       |     1 |       |    30 |    31 |     5 |     1 ||    68
         Distracted        |       |       |       |       |     1 |    11 |     1 |     3 |     1 ||    17
         Petrified         |       |       |       |       |       |     3 |       |       |     5 ||     8
         Petrifying        |       |       |       |       |       |       |       |       |     1 ||     1
 Armour: Robe              |    45 |    38 |    87 |   280 |   238 |   123 |       |       |       ||   811
         Acid dragon scale |       |       |    11 |       |       |       |       |    38 |       ||    49
         Skin              |       |       |       |       |     2 |       |       |    24 |       ||    26
         Swamp dragon scal |       |       |       |       |    56 |   248 |   373 |   105 |       ||   782
         Ice dragon scales |       |       |       |       |       |    46 |   164 |       |       ||   210
         Fire dragon scale |       |       |       |       |       |       |       |    31 |       ||    31
         Gold dragon scale |       |       |       |       |       |       |       |   358 |   457 ||   815
  Dodge: Dodged            |    40 |    23 |    68 |   192 |   182 |   289 |   219 |   175 |    73 ||  1261
  Block: Kite shield       |       |       |       |    93 |   347 |   236 |       |       |       ||   676
         Reflection        |       |       |       |     1 |     3 |   131 |   110 |    45 |    39 ||   329
         Other             |       |       |       |       |     2 |       |       |       |       ||     2
         Tower shield      |       |       |       |       |       |   782 |  1326 |  1358 |   814 ||  4280

Table legend: (Time is in decaauts)
 A = Elapsed time spent in this place.
 B = Non-inter-level travel time spent in this place.
 C = Inter-level travel time spent in this place.
 D = Time resting spent in this place.
 E = Time spent auto-exploring this place.
 F = Levels seen in this place.
 G = Mean time per level.
                   A        B        C        D        E       F      G
               +--------+--------+--------+--------+--------+-----+--------+
         Total |  49954 |  45842 |   4112 |   3679 |  26297 |  62 |  805.7 |
       Dungeon |  13645 |  12131 |   1514 |    741 |   8128 |  15 |  909.7 |
          Lair |   5446 |   4948 |    498 |    588 |   3185 |   5 | 1089.2 |
        Shoals |   3119 |   2868 |    251 |    169 |   1586 |   4 |  779.8 |
     Snake Pit |   3833 |   3613 |    220 |    275 |   2014 |   4 |  958.2 |
    Slime Pits |    622 |    563 |     59 |     36 |     33 |   5 |  124.4 |
  Orcish Mines |   1679 |   1546 |    133 |    371 |    687 |   2 |  839.5 |
   Elven Halls |   2801 |   2640 |    161 |    134 |   1504 |   3 |  933.7 |
        Vaults |   5895 |   5362 |    533 |    165 |   3728 |   5 | 1179.0 |
         Crypt |   2427 |   2284 |    143 |     84 |   1439 |   3 |  809.0 |
        Depths |   5463 |   4931 |    532 |    402 |   2869 |   4 | 1365.8 |
           Zot |   2329 |   2265 |     64 |    480 |    566 |   5 |  465.8 |
         Abyss |   1063 |   1063 |      0 |     63 |     23 |   3 |  354.3 |
      Ice Cave |    126 |    126 |      0 |      0 |     10 |   1 |  126.0 |
       Volcano |    349 |    349 |      0 |     99 |     63 |   1 |  349.0 |
    Desolation |    725 |    725 |      0 |     68 |    252 |   1 |  725.0 |
      Gauntlet |    426 |    426 |      0 |      0 |    209 |   1 |  426.0 |
               +--------+--------+--------+--------+--------+-----+--------+

Top non-repeatable levels by time:
Depths:2: 2064 daAuts
  Lair:5: 1750 daAuts
Vaults:5: 1455 daAuts
Vaults:4: 1439 daAuts
    D:15: 1424 daAuts
 Snake:4: 1365 daAuts
    D:11: 1322 daAuts
Depths:4: 1316 daAuts
    D:10: 1234 daAuts
   Orc:2: 1180 daAuts
    D:13: 1171 daAuts
Shoals:4: 1159 daAuts
   Elf:3: 1149 daAuts
Vaults:1: 1145 daAuts
Depths:3: 1124 daAuts
